Workbook
Name JR_PAGE_ANCHOR_0_1: CRONOGRAMA!$A$1
Name JR_PAGE_ANCHOR_0_1: 'CURVA ABC SERVIÇOS'!$A$1
Name JR_PAGE_ANCHOR_0_1: 'PLANILHA ORCAMENTARIA'!$A$1
Name JR_PAGE_ANCHOR_1_1: RESUMO!$A$1
Name JR_PAGE_ANCHOR_2_1: 'COMPOSICOES PROPRIAS'!$A$1
Name JR_PAGE_ANCHOR_3_1: #REF!
Name JR_PAGE_ANCHOR_4_1: 'CURVA ABC INSUMOS'!$A$1
Name JR_PAGE_ANCHOR_5_1: #REF!
Name JR_PAGE_ANCHOR_6_1: BDI!$A$1
Name medidas: #REF!
Name medidas: #REF!
Name Print_Area: 'Memória de Cálculo'!$A$1:$J$9
Name TABELA: '[2]PLANILHA FONTE'!$B$2:$G$290

Sheet RESUMO
A4: 1 | B4: PAVIMENTAÇÃO | D4: 13273615 | E4: 99.674648
A5: 1.1 | B5: RUA EQUADOR - CAJUEIRO SECO | D5: 1061838.8 | E5: 7.9735934
A6: 1.2 | B6: RUA PASTOS BONS - CAJUEIRO SECO | D6: 78047.82 | E6: 0.58607915
A7: 1.3 | B7: RUA VICÊNCIA - CAJUEIRO SECO | D7: 146237.7 | E7: 1.0981328
A8: 1.4 | B8: RUA LUÍS GONZAGA - BARRA DE JANGADA | D8: 108371.72 | E8: 0.81378834
A9: 1.5 | B9: RUA PLANALTINA - PIEDADE | D9: 548707.43 | E9: 4.1203712
A10: 1.6 | B10: RUA JESUS DE NAZARÉ - CURADO IV | D10: 721603.77 | E10: 5.4186898
A11: 1.7 | B11: RUA TALCI - DOIS CARNEIROS | D11: 339989.1 | E11: 2.5530569
A12: 1.8 | B12: RUA LEÃO MARINHO - DOIS CARNEIROS | D12: 236285.57 | E12: 1.7743231
A13: 1.9 | B13: RUA DO FOGO - CURCURANA | D13: 320478.02 | E13: 2.4065437
A14: 1.10 | B14: RUA 11 - CURCURANA | D14: 557762.54 | E14: 4.1883681
A15: 1.11 | B15: RUA PETROLÂNDIA - PIEDADE | D15: 338289.11 | E15: 2.5402913
... A21: 2.1 | B21: CICLOFAIXA - AVENIDA BARRETO DE MENEZES | D21: 43327 | E21: 0.32535248
C22: VALOR BDI TOTAL: | D22: 1677077.5 | E22: 100
C23: VALOR ORÇAMENTO: | D23: 11639864
C24: VALOR TOTAL: | D24: 13316942

Sheet PLANILHA ORCAMENTARIA
A2: ITEM | B2: CÓDIGO | C2: REF. | D2: DESCRIÇÃO | E2: UNID. | F2: QUANT. | G2: CUSTO UNITÁRIO | H2: BDI (%) | I2: PREÇO UNITÁRIO | J2: PREÇO DO SERVIÇO
A3: 1 | B3: PAVIMENTAÇÃO | J3: 13273615
A4: 1.1 | B4: RUA EQUADOR - CAJUEIRO SECO | J4: 1061838.8
A5: 1.1.1 | B5: INSTALAÇÕES PROVISÓRIAS | J5: 10252.02
A6: 1.1.1.1 | B6: CP-74209/001-15055090 | C6: Composições Próprias | D6: PLACA DE OBRA EM CHAPA DE ACO GALVANIZADO | E6: M2 | F6: 8 | G6: 564.99 | H6: 17.57 | I6: 664.26 | J6: 5314.08
A7: 1.1.1.2 | B7: COMP-07440249 | C7: Composições Próprias | D7: BANHEIRO QUÍMICO, COM LOCAÇÃO, TRANSPORTE E LIMPEZA | E7: MÊS | F7: 6 | G7: 700 | H7: 17.57 | I7: 822.99 | J7: 4937.94
A8: 1.1.2 | B8: ADMINISTRAÇÃO LOCAL | J8: 38363.51
A9: 1.1.2.1 | B9: 93565 | C9: SINAPI | D9: ENGENHEIRO CIVIL DE OBRA JUNIOR COM ENCARGOS COMPLEMENTARES | E9: MES | F9: 0.75 | G9: 16819.14 | H9: 17.57 | I9: 19774.26 | J9: 14830.7
A10: 1.1.2.2 | B10: 93572 | C10: SINAPI | D10: ENCARREGADO GERAL DE OBRAS COM ENCARGOS COMPLEMENTARES | E10: MES | F10: 3 | G10: 6672 | H10: 17.57 | I10: 7844.27 | J10: 23532.81
A11: 1.1.3 | B11: SERVIÇOS PRELIMINARES | J11: 72916.73
A12: 1.1.3.1 | B12: 99064 | C12: SINAPI | D12: LOCAÇÃO DE PAVIMENTAÇÃO. AF_10/2018 | E12: M | F12: 614.67 | G12: 0.49 | H12: 17.57 | I12: 0.58 | J12: 356.51
A13: 1.1.3.2 | B13: COMP-17562084 | C13: Composições Próprias | D13: DEMOLIÇÃO MANUAL DE CONCRETO SIMPLES | E13: M³ | F13: 211.49 | G13: 212.24 | H13: 17.57 | I13: 249.53 | J13: 52773.1
A14: 1.1.3.3 | B14: COMP-01471766 | C14: Composições Próprias | D14: DEMOLIÇÃO DE MEIO-FIO | E14: M | F14: 1279.92 | G14: 11.13 | H14: 17.57 | I14: 13.09 | J14: 16754.15
A15: 1.1.3.4 | B15: COMP-35145154 | C15: Composições Próprias | D15: CARGA E DESCARGA MECANICA DE SOLO UTILIZANDO CAMINHAO BASCULANTE 14,0M3/36T E PA CARREGADEIRA SOBRE PNEUS 128 HP, CAPACIDADE DA CAÇAMBA 1,7 A 2,8 M3, PESO OPERACIONAL 11632 KH | E15: M³ | F15: 336.36 | G15: 2.9 | H15: 17.57 | I15: 3.41 | J15: 1146.99
A16: 1.1.3.5 | B16: 95876 | C16: SINAPI | D16: TRANSPORTE COM CAMINHÃO BASCULANTE DE 14 M³, EM VIA URBANA PAVIMENTADA, DMT ATÉ 30 KM (UNIDADE: M3XKM). AF_07/2020 | E16: M3XKM | F16: 706.36 | G16: 2.27 | H16: 17.57 | I16: 2.67 | J16: 1885.98
A17: 1.1.4 | B17: TERRAPLANAGEM | J17: 30382.37
A18: 1.1.4.1 | B18: CP-74205/001-17324935 | C18: Composições Próprias | D18: ESCAVAÇÃO MECÂNICA DE MATERIAL 1A. CATEGORIA, PROVENIENTE DE CORTE DE SUBLEITO (C/TRATOR ESTEIRAS 160HP) | E18: M3 | F18: 2121.49 | G18: 2.59 | H18: 17.57 | I18: 3.05 | J18: 6470.54
A19: 1.1.4.2 | B19: COMP-35145154 | C19: Composições Próprias | D19: CARGA E DESCARGA MECANICA DE SOLO UTILIZANDO CAMINHAO BASCULANTE 14,0M3/36T E PA CARREGADEIRA SOBRE PNEUS 128 HP, CAPACIDADE DA CAÇAMBA 1,7 A 2,8 M3, PESO OPERACIONAL 11632 KH | E19: M³ | F19: 2651.86 | G19: 2.9 | H19: 17.57 | I19: 3.41 | J19: 9042.84
A20: 1.1.4.3 | B20: 95876 | C20: SINAPI | D20: TRANSPORTE COM CAMINHÃO BASCULANTE DE 14 M³, EM VIA URBANA PAVIMENTADA, DMT ATÉ 30 KM (UNIDADE: M3XKM). AF_07/2020 | E20: M3XKM | F20: 5568.91 | G20: 2.27 | H20: 17.57 | I20: 2.67 | J20: 14868.99
A21: 1.1.5 | B21: PAVIMENTAÇÃO | J21: 230771.49
A22: 1.1.5.1 | B22: 100576 | C22: SINAPI | D22: REGULARIZAÇÃO E COMPACTAÇÃO DE SUBLEITO DE SOLO PREDOMINANTEMENTE ARGILOSO. AF_11/2019 | E22: M2 | F22: 4302.69 | G22: 2.79 | H22: 17.57 | I22: 3.28 | J22: 14112.82
A23: 1.1.5.2 | B23: COMP-28881239 | C23: Composições Próprias | D23: Base ou sub-base de macadame hidráulico com brita comercial - EXCLUSIVE MATERIAL, CARGA E TRANSPORTE - NÃO DESONERADO | E23: m³ | F23: 553.2 | G23: 11.4 | H23: 17.57 | I23: 13.4 | J23: 7412.88
A24: 1.1.5.3 | B24: CP-96396-26507981 | C24: Composições Próprias | D24: EXECUÇÃO E COMPACTAÇÃO DE BASE E OU SUB BASE PARA PAVIMENTAÇÃO DE BRITA GRADUADA SIMPLES - EXCLUSIVE MATERIAL, CARGA E TRANSPORTE | E24: M3 | F24: 614.67 | G24: 14.44 | H24: 17.57 | I24: 16.98 | J24: 10437.1
A25: 1.1.5.4 | B25: COMP-35145154 | C25: Composições Próprias | D25: CARGA E DESCARGA MECANICA DE SOLO UTILIZANDO CAMINHAO BASCULANTE 14,0M3/36T E PA CARREGADEIRA SOBRE PNEUS 128 HP, CAPACIDADE DA CAÇAMBA 1,7 A 2,8 M3, PESO OPERACIONAL 11632 KH | E25: M³ | F25: 1459.84 | G25: 2.9 | H25: 17.57 | I25: 3.41 | J25: 4978.05
A26: 1.1.5.5 | B26: COMP-83526730 | C26: Composições Próprias | D26: TRANSPORTE COMERCIAL DE BRITA | E26: M³XKM | F26: 10218.88 | G26: 1.37 | H26: 17.57 | I26: 1.61 | J26: 16452.4
A27: 1.1.5.6 | B27: CP-96401-52745838 | C27: Composições Próprias | D27: EXECUÇÃO DE IMPRIMAÇÃO COM ASFALTO DILUÍDO CM-30, EXCLUSIVE MATERIAL. | E27: M2 | F27: 3068.17 | G27: 1.24 | H27: 17.57 | I27: 1.46 | J27: 4479.53
A28: 1.1.5.7 | B28: CP-95995-51339760 | C28: Composições Próprias | D28: EXECUÇÃO DE PAVIMENTO COM APLICAÇÃO DE CONCRETO ASFÁLTICO, CAMADA DE ROLAMENTO - EXCLUSIVE CARGA E TRANSPORTE E CONCRETO BETUMINOSO | E28: M3 | F28: 153.41 | G28: 133.37 | H28: 17.57 | I28: 156.8 | J28: 24054.69
A29: 1.1.5.8 | B29: COMP-10034101 | C29: Composições Próprias | D29: CARGA, MANOBRAS E DESCARGA DE MISTURA BETUMINOSA A QUENTE, COM CAMINHAO BASCULANTE 6 M3, DESCARGA EM VIBRO-ACABADORA | E29: M³ | F29: 153.41 | G29: 7.86 | H29: 17.57 | I29: 9.24 | J29: 1417.51
A30: 1.1.5.9 | B30: CP-95303-56931542 | C30: Composições Próprias | D30: TRANSPORTE COM CAMINHÃO BASCULANTE 10 M3 DE MASSA ASFALTICA PARA PAVIMENTAÇÃO URBANA | E30: M3XKM | F30: 2316.49 | G30: 1.77 | H30: 17.57 | I30: 2.08 | J30: 4818.3
A31: 1.1.5.10 | B31: CP-97084-89637704 | C31: Composições Próprias | D31: REGULARIZACAO E COMPACTAÇÃO MANUAL DE TERRENO COM PLACA VIBRATÓRIA | E31: M2 | F31: 3007.49 | G31: 0.65 | H31: 17.57 | I31: 0.76 | J31: 2285.69
A32: 1.1.5.11 | B32: CP-94991-12549457 | C32: Composições Próprias | D32: EXECUÇÃO DE PASSEIO (CALÇADA) OU PISO DE CONCRETO COM CONCRETO MOLDADO IN LOCO, USINADO, ACABAMENTO CONVENCIONAL, NÃO ARMADO - EXCLUINDO O CONCRETO USINADO 20MPA | E32: M3 | F32: 208.83 | G32: 112.75 | H32: 17.57 | I32: 132.56 | J32: 27682.5
A33: 1.1.5.12 | B33: 94273 | C33: SINAPI | D33: ASSENTAMENTO DE GUIA (MEIO-FIO) EM TRECHO RETO, CONFECCIONADA EM CONCRETO PRÉ-FABRICADO, DIMENSÕES 100X15X13X30 CM (COMPRIMENTO X BASE INFERIOR X BASE SUPERIOR X ALTURA), PARA VIAS URBANAS (USO VIÁRIO). AF_06/2016 | E33: M | F33: 1282.38 | G33: 56.47 | H33: 17.57 | I33: 66.39 | J33: 85137.21
... A39: 1.1.5.18 | B39: 98504 | C39: SINAPI | D39: PLANTIO DE GRAMA BATATAIS EM PLACAS. AF_05/2018 | E39: M2 | F39: 55 | G39: 13.8 | H39: 17.57 | I39: 16.22 | J39: 892.1
A40: 1.1.6 | B40: DRENAGEM | J40: 148501.4
A41: 1.1.6.1 | B41: 90091 | C41: SINAPI | D41: ESCAVAÇÃO MECANIZADA DE VALA COM PROF. ATÉ 1,5 M (MÉDIA MONTANTE E JUSANTE/UMA COMPOSIÇÃO POR TRECHO), ESCAVADEIRA (0,8 M3), LARG. DE 1,5 M A 2,5 M, EM SOLO DE 1A CATEGORIA, LOCAIS COM BAIXO NÍVEL DE INTERFERÊNCIA. AF_02/2021 | E41: M3 | F41: 71.61 | G41: 6.48 | H41: 17.57 | I41: 7.62 | J41: 545.67
A42: 1.1.6.2 | B42: 93367 | C42: SINAPI | D42: REATERRO MECANIZADO DE VALA COM ESCAVADEIRA HIDRÁULICA (CAPACIDADE DA CAÇAMBA: 0,8 M³ / POTÊNCIA: 111 HP), LARGURA DE 1,5 A 2,5 M, PROFUNDIDADE ATÉ 1,5 M, COM SOLO DE 1ª CATEGORIA EM LOCAIS COM BAIXO NÍVEL DE INTERFERÊNCIA. AF_04/2016 | E42: M3 | F42: 26.85 | G42: 23.75 | H42: 17.57 | I42: 27.92 | J42: 749.65
A43: 1.1.6.3 | B43: COMP-35145154 | C43: Composições Próprias | D43: CARGA E DESCARGA MECANICA DE SOLO UTILIZANDO CAMINHAO BASCULANTE 14,0M3/36T E PA CARREGADEIRA SOBRE PNEUS 128 HP, CAPACIDADE DA CAÇAMBA 1,7 A 2,8 M3, PESO OPERACIONAL 11632 KH | E43: M³ | F43: 55.95 | G43: 2.9 | H43: 17.57 | I43: 3.41 | J43: 190.79
A44: 1.1.6.4 | B44: 95876 | C44: SINAPI | D44: TRANSPORTE COM CAMINHÃO BASCULANTE DE 14 M³, EM VIA URBANA PAVIMENTADA, DMT ATÉ 30 KM (UNIDADE: M3XKM). AF_07/2020 | E44: M3XKM | F44: 117.5 | G44: 2.27 | H44: 17.57 | I44: 2.67 | J44: 313.73
A45: 1.1.6.5 | B45: 94971 | C45: SINAPI | D45: CONCRETO FCK = 25MPA, TRAÇO 1:2,3:2,7 (EM MASSA SECA DE CIMENTO/ AREIA MÉDIA/ BRITA 1) - PREPARO MECÂNICO COM BETONEIRA 600 L. AF_05/2021 | E45: M3 | F45: 38.03 | G45: 472.74 | H45: 17.57 | I45: 555.8 | J45: 21137.07
A46: 1.1.6.6 | B46: 94974 | C46: SINAPI | D46: CONCRETO MAGRO PARA LASTRO, TRAÇO 1:4,5:4,5 (EM MASSA SECA DE CIMENTO/ AREIA MÉDIA/ BRITA 1) - PREPARO MANUAL. AF_05/2021 | E46: M3 | F46: 29.84 | G46: 436.13 | H46: 17.57 | I46: 512.76 | J46: 15300.76
A47: 1.1.6.7 | B47: 92771 | C47: SINAPI | D47: ARMAÇÃO DE LAJE DE ESTRUTURA CONVENCIONAL DE CONCRETO ARMADO UTILIZANDO AÇO CA-50 DE 10,0 MM - MONTAGEM. AF_06/2022 | E47: KG | F47: 2473.57 | G47: 15.14 | H47: 17.57 | I47: 17.8 | J47: 44029.55
A48: 1.1.6.8 | B48: CP-92268-29291149 | C48: Composições Próprias | D48: FABRICAÇÃO DE FÔRMA PARA LAJES, EM CHAPA DE MADEIRA COMPENSADA PLASTIFICADA, E = 18 MM - EXCLUINDO O PAINEL DE MADEIRA COMPENSADA PLASTIFICADA DE 2200 x 1100 MM, E = *17* MM | E48: M2 | F48: 179.03 | G48: 1.1 | H48: 17.57 | I48: 1.29 | J48: 230.95
A49: 1.1.6.9 | B49: 103320 | C49: SINAPI | D49: ALVENARIA DE VEDAÇÃO DE BLOCOS VAZADOS DE CONCRETO DE 19X19X39 CM (ESPESSURA 19 CM) E ARGAMASSA DE ASSENTAMENTO COM PREPARO EM BETONEIRA. AF_12/2021 | E49: M2 | F49: 238.7 | G49: 105.62 | H49: 17.57 | I49: 124.18 | J49: 29641.77
A50: 1.1.6.10 | B50: 87879 | C50: SINAPI | D50: CHAPISCO APLICADO EM ALVENARIAS E ESTRUTURAS DE CONCRETO INTERNAS, COM COLHER DE PEDREIRO. ARGAMASSA TRAÇO 1:3 COM PREPARO EM BETONEIRA 400L. AF_06/2014 | E50: M2 | F50: 238.7 | G50: 4.1 | H50: 17.57 | I50: 4.82 | J50: 1150.53
A51: 1.1.6.11 | B51: 87547 | C51: SINAPI | D51: MASSA ÚNICA, PARA RECEBIMENTO DE PINTURA, EM ARGAMASSA TRAÇO 1:2:8, PREPARO MECÂNICO COM BETONEIRA 400L, APLICADA MANUALMENTE EM FACES INTERNAS DE PAREDES, ESPESSURA DE 10MM, COM EXECUÇÃO DE TALISCAS. AF_06/2014 | E51: M2 | F51: 238.7 | G51: 24.83 | H51: 17.57 | I51: 29.19 | J51: 6967.65
A52: 1.1.6.12 | B52: 94975 | C52: SINAPI | D52: CONCRETO FCK = 15MPA, TRAÇO 1:3,4:3,5 (EM MASSA SECA DE CIMENTO/ AREIA MÉDIA/ BRITA 1) - PREPARO MANUAL. AF_05/2021 | E52: M3 | F52: 25.39 | G52: 469.42 | H52: 17.57 | I52: 551.9 | J52: 14012.74
A53: 1.1.6.13 | B53: CP-74157/004-48264518 | C53: Composições Próprias | D53: LANCAMENTO/APLICACAO MANUAL DE CONCRETO EM FUNDACOES (concreto magro) | E53: M3 | F53: 93.26 | G53: 129.79 | H53: 17.57 | I53: 152.59 | J53: 14230.54
A54: 1.1.7 | B54: SINALIZAÇÃO | J54: 19447.54
A55: 1.1.7.1 | B55: 5213421 | C55: SICRO NOVO | D55: Confecção de placa em aço nº 16 galvanizado, com película tipo I + IV | E55: m² | F55: 7.3 | G55: 347.25 | H55: 17.57 | I55: 408.26 | J55: 2980.3
A56: 1.1.7.2 | B56: 5216111 | C56: SICRO NOVO | D56: FORNECIMENTO E IMPLANTAÇÃO DE SUPORTE E TRAVESSA PARA PLACA DE SINALIZAÇÃO EM MADEIRA DE LEI TRATADA 8 X 8 CM | E56: un | F56: 29 | G56: 121.48 | H56: 17.57 | I56: 142.82 | J56: 4141.78
A57: 1.1.7.3 | B57: COMP-58084869 | C57: Composições Próprias | D57: PLACA ESMALTADA PARA IDENTIFICAÇÃO NR DE RUA, DIMENSÕES 45X25CM | E57: UND | F57: 4 | G57: 156.33 | H57: 17.57 | I57: 183.8 | J57: 735.2
A58: 1.1.7.4 | B58: 102512 | C58: SINAPI | D58: PINTURA DE EIXO VIÁRIO SOBRE ASFALTO COM TINTA RETRORREFLETIVA A BASE DE RESINA ACRÍLICA COM MICROESFERAS DE VIDRO, APLICAÇÃO MECÂNICA COM DEMARCADORA AUTOPROPELIDA. AF_05/2021 | E58: M | F58: 1502.34 | G58: 5.48 | H58: 17.57 | I58: 6.44 | J58: 9675.07
A59: 1.1.7.5 | B59: 102509 | C59: SINAPI | D59: PINTURA DE FAIXA DE PEDESTRE OU ZEBRADA TINTA RETRORREFLETIVA A BASE DE RESINA ACRÍLICA COM MICROESFERAS DE VIDRO, E = 30 CM, APLICAÇÃO MANUAL. AF_05/2021 | E59: M2 | F59: 67.46 | G59: 24.15 | H59: 17.57 | I59: 28.39 | J59: 1915.19
A60: 1.1.8 | B60: ACESSIBILIDADE | J60: 3193.69
A61: 1.1.8.1 | B61: CP-S12039-81921471 | C61: Composições Próprias | D61: Piso tátil direcional e/ou alerta, de concreto, na cor natural, p/deficientes visuais, dimensões 40x40cm, aplicado com argamassa industrializada ac-ii, rejuntado, exclusive regularização de base | E61: m2 | F61: 24.18 | G61: 112.34 | H61: 17.57 | I61: 132.08 | J61: 3193.69
A62: 1.1.9 | B62: MATERIAIS | J62: 508010.04
A63: 1.1.9.1 | B63: 00010775 | C63: SINAPI | D63: LOCACAO DE CONTAINER 2,30 X 6,00 M, ALT. 2,50 M, COM 1 SANITARIO, PARA ESCRITORIO, COMPLETO, SEM DIVISORIAS INTERNAS (NAO INCLUI MOBILIZACAO/DESMOBILIZACAO) - BDI = 10,07 | E63: MES | F63: 6 | G63: 830 | H63: 10.07 | I63: 913.58 | J63: 5481.48
A64: 1.1.9.2 | B64: 00010776 | C64: SINAPI | D64: LOCACAO DE CONTAINER 2,30 X 6,00 M, ALT. 2,50 M, PARA ESCRITORIO, SEM DIVISORIAS INTERNAS E SEM SANITARIO (NAO INCLUI MOBILIZACAO/DESMOBILIZACAO) - BDI = 10,07 | E64: MES | F64: 6 | G64: 648.43 | H64: 10.07 | I64: 713.73 | J64: 4282.38
A65: 1.1.9.3 | B65: 00001518 | C65: SINAPI | D65: CONCRETO BETUMINOSO USINADO A QUENTE (CBUQ) PARA PAVIMENTACAO ASFALTICA, PADRAO DNIT, FAIXA C, COM CAP 50/70 - AQUISICAO POSTO USINA - BDI = 10,07 | E65: T | F65: 391.93 | G65: 522.5 | H65: 10.07 | I65: 575.12 | J65: 225406.78
A66: 1.1.9.4 | B66: INS-185032 | C66: Composições Próprias | D66: BRITA GRADUADA SIMPLES (BGS) - BDI = 10,07 | E66: M³ | F66: 614.67 | G66: 56.1 | H66: 10.07 | I66: 61.75 | J66: 37955.87
A67: 1.1.9.5 | B67: M0808 | C67: SICRO NOVO | D67: Brita 4 - BDI = 10,07 | E67: m³ | F67: 697.03 | G67: 90.74 | H67: 10.07 | I67: 99.88 | J67: 69619.36
A68: 1.1.9.6 | B68: M1135 | C68: SICRO NOVO | D68: Pó de pedra - BDI = 10,07 | E68: m³ | F68: 77.45 | G68: 74.53 | H68: 10.07 | I68: 82.04 | J68: 6354
A69: 1.1.9.7 | B69: INS-54745269 | C69: Composições Próprias | D69: ASFALTO DILUÍDO CM - 30 - JUNHO/22 - BDI = 10,07 | E69: KG | F69: 3681.8 | G69: 5.32 | H69: 10.07 | I69: 5.86 | J69: 21575.35
A70: 1.1.9.8 | B70: 00034492 | C70: SINAPI | D70: CONCRETO USINADO BOMBEAVEL, CLASSE DE RESISTENCIA C20, COM BRITA 0 E 1, SLUMP = 100 +/- 20 MM, EXCLUI SERVICO DE BOMBEAMENTO (NBR 8953) - BDI = 10,07 | E70: M3 | F70: 253.31 | G70: 422.5 | H70: 10.07 | I70: 465.05 | J70: 117801.82
A71: 1.1.9.9 | B71: 00001345 | C71: SINAPI | D71: CHAPA/PAINEL DE MADEIRA COMPENSADA PLASTIFICADA (MADEIRITE PLASTIFICADO) PARA FORMA DE CONCRETO, DE 2200 x 1100 MM, E = *17* MM - BDI = 10,07 | E71: M2 | F71: 187.98 | G71: 94.4 | H71: 10.07 | I71: 103.91 | J71: 19533
A72: 1.2 | B72: RUA PASTOS BONS - CAJUEIRO SECO | J72: 78047.82
A73: 1.2.1 | B73: INSTALAÇÕES PROVISÓRIAS | J73: 6137.07
A74: 1.2.1.1 | B74: CP-74209/001-15055090 | C74: Composições Próprias | D74: PLACA DE OBRA EM CHAPA DE ACO GALVANIZADO | E74: M2 | F74: 8 | G74: 564.99 | H74: 17.57 | I74: 664.26 | J74: 5314.08
A75: 1.2.1.2 | B75: COMP-07440249 | C75: Composições Próprias | D75: BANHEIRO QUÍMICO, COM LOCAÇÃO, TRANSPORTE E LIMPEZA | E75: MÊS | F75: 1 | G75: 700 | H75: 17.57 | I75: 822.99 | J75: 822.99
A76: 1.2.2 | B76: ADMINISTRAÇÃO LOCAL | J76: 3590.41
A77: 1.2.2.1 | B77: 93565 | C77: SINAPI | D77: ENGENHEIRO CIVIL DE OBRA JUNIOR COM ENCARGOS COMPLEMENTARES | E77: MES | F77: 0.13 | G77: 16819.14 | H77: 17.57 | I77: 19774.26 | J77: 2570.65
A78: 1.2.2.2 | B78: 93572 | C78: SINAPI | D78: ENCARREGADO GERAL DE OBRAS COM ENCARGOS COMPLEMENTARES | E78: MES | F78: 0.13 | G78: 6672 | H78: 17.57 | I78: 7844.27 | J78: 1019.76
A79: 1.2.3 | B79: SERVIÇOS PRELIMINARES | J79: 3156.04
A80: 1.2.3.1 | B80: 99064 | C80: SINAPI | D80: LOCAÇÃO DE PAVIMENTAÇÃO. AF_10/2018 | E80: M | F80: 46.54 | G80: 0.49 | H80: 17.57 | I80: 0.58 | J80: 26.99
A81: 1.2.3.2 | B81: COMP-17562084 | C81: Composições Próprias | D81: DEMOLIÇÃO MANUAL DE CONCRETO SIMPLES | E81: M³ | F81: 7.32 | G81: 212.24 | H81: 17.57 | I81: 249.53 | J81: 1826.56
A82: 1.2.3.3 | B82: COMP-01471766 | C82: Composições Próprias | D82: DEMOLIÇÃO DE MEIO-FIO | E82: M | F82: 90.28 | G82: 11.13 | H82: 17.57 | I82: 13.09 | J82: 1181.77
A83: 1.2.3.4 | B83: COMP-35145154 | C83: Composições Próprias | D83: CARGA E DESCARGA MECANICA DE SOLO UTILIZANDO CAMINHAO BASCULANTE 14,0M3/36T E PA CARREGADEIRA SOBRE PNEUS 128 HP, CAPACIDADE DA CAÇAMBA 1,7 A 2,8 M3, PESO OPERACIONAL 11632 KH | E83: M³ | F83: 14.23 | G83: 2.9 | H83: 17.57 | I83: 3.41 | J83: 48.52
A84: 1.2.3.5 | B84: 95876 | C84: SINAPI | D84: TRANSPORTE COM CAMINHÃO BASCULANTE DE 14 M³, EM VIA URBANA PAVIMENTADA, DMT ATÉ 30 KM (UNIDADE: M3XKM). AF_07/2020 | E84: M3XKM | F84: 27.04 | G84: 2.27 | H84: 17.57 | I84: 2.67 | J84: 72.2
A85: 1.2.4 | B85: TERRAPLANAGEM | J85: 1438.12
A86: 1.2.4.1 | B86: CP-74205/001-17324935 | C86: Composições Próprias | D86: ESCAVAÇÃO MECÂNICA DE MATERIAL 1A. CATEGORIA, PROVENIENTE DE CORTE DE SUBLEITO (C/TRATOR ESTEIRAS 160HP) | E86: M3 | F86: 105.33 | G86: 2.59 | H86: 17.57 | I86: 3.05 | J86: 321.26
A87: 1.2.4.2 | B87: COMP-35145154 | C87: Composições Próprias | D87: CARGA E DESCARGA MECANICA DE SOLO UTILIZANDO CAMINHAO BASCULANTE 14,0M3/36T E PA CARREGADEIRA SOBRE PNEUS 128 HP, CAPACIDADE DA CAÇAMBA 1,7 A 2,8 M3, PESO OPERACIONAL 11632 KH | E87: M³ | F87: 131.66 | G87: 2.9 | H87: 17.57 | I87: 3.41 | J87: 448.96
A88: 1.2.4.3 | B88: 95876 | C88: SINAPI | D88: TRANSPORTE COM CAMINHÃO BASCULANTE DE 14 M³, EM VIA URBANA PAVIMENTADA, DMT ATÉ 30 KM (UNIDADE: M3XKM). AF_07/2020 | E88: M3XKM | F88: 250.15 | G88: 2.27 | H88: 17.57 | I88: 2.67 | J88: 667.9
A89: 1.2.5 | B89: PAVIMENTAÇÃO | J89: 10970.73
A90: 1.2.5.1 | B90: 100576 | C90: SINAPI | D90: REGULARIZAÇÃO E COMPACTAÇÃO DE SUBLEITO DE SOLO PREDOMINANTEMENTE ARGILOSO. AF_11/2019 | E90: M2 | F90: 232.7 | G90: 2.79 | H90: 17.57 | I90: 3.28 | J90: 763.26
A91: 1.2.5.2 | B91: CP-96396-26507981 | C91: Composições Próprias | D91: EXECUÇÃO E COMPACTAÇÃO DE BASE E OU SUB BASE PARA PAVIMENTAÇÃO DE BRITA GRADUADA SIMPLES - EXCLUSIVE MATERIAL, CARGA E TRANSPORTE | E91: M3 | F91: 34.91 | G91: 14.44 | H91: 17.57 | I91: 16.98 | J91: 592.77
A92: 1.2.5.3 | B92: COMP-35145154 | C92: Composições Próprias | D92: CARGA E DESCARGA MECANICA DE SOLO UTILIZANDO CAMINHAO BASCULANTE 14,0M3/36T E PA CARREGADEIRA SOBRE PNEUS 128 HP, CAPACIDADE DA CAÇAMBA 1,7 A 2,8 M3, PESO OPERACIONAL 11632 KH | E92: M³ | F92: 43.64 | G92: 2.9 | H92: 17.57 | I92: 3.41 | J92: 148.81
A93: 1.2.5.4 | B93: COMP-83526730 | C93: Composições Próprias | D93: TRANSPORTE COMERCIAL DE BRITA | E93: M³XKM | F93: 226.93 | G93: 1.37 | H93: 17.57 | I93: 1.61 | J93: 365.36
A94: 1.2.5.5 | B94: CP-96401-52745838 | C94: Composições Próprias | D94: EXECUÇÃO DE IMPRIMAÇÃO COM ASFALTO DILUÍDO CM-30, EXCLUSIVE MATERIAL. | E94: M2 | F94: 116.38 | G94: 1.24 | H94: 17.57 | I94: 1.46 | J94: 169.91
A95: 1.2.5.6 | B95: CP-95995-51339760 | C95: Composições Próprias | D95: EXECUÇÃO DE PAVIMENTO COM APLICAÇÃO DE CONCRETO ASFÁLTICO, CAMADA DE ROLAMENTO - EXCLUSIVE CARGA E TRANSPORTE E CONCRETO BETUMINOSO | E95: M3 | F95: 5.81 | G95: 133.37 | H95: 17.57 | I95: 156.8 | J95: 911.01
A96: 1.2.5.7 | B96: COMP-10034101 | C96: Composições Próprias | D96: CARGA, MANOBRAS E DESCARGA DE MISTURA BETUMINOSA A QUENTE, COM CAMINHAO BASCULANTE 6 M3, DESCARGA EM VIBRO-ACABADORA | E96: M³ | F96: 5.81 | G96: 7.86 | H96: 17.57 | I96: 9.24 | J96: 53.68
A97: 1.2.5.8 | B97: CP-95303-56931542 | C97: Composições Próprias | D97: TRANSPORTE COM CAMINHÃO BASCULANTE 10 M3 DE MASSA ASFALTICA PARA PAVIMENTAÇÃO URBANA | E97: M3XKM | F97: 93.54 | G97: 1.77 | H97: 17.57 | I97: 2.08 | J97: 194.56
A98: 1.2.5.9 | B98: CP-97084-89637704 | C98: Composições Próprias | D98: REGULARIZACAO E COMPACTAÇÃO MANUAL DE TERRENO COM PLACA VIBRATÓRIA | E98: M2 | F98: 123.1 | G98: 0.65 | H98: 17.57 | I98: 0.76 | J98: 93.56
A99: 1.2.5.10 | B99: CP-94991-12549457 | C99: Composições Próprias | D99: EXECUÇÃO DE PASSEIO (CALÇADA) OU PISO DE CONCRETO COM CONCRETO MOLDADO IN LOCO, USINADO, ACABAMENTO CONVENCIONAL, NÃO ARMADO - EXCLUINDO O CONCRETO USINADO 20MPA | E99: M3 | F99: 8.04 | G99: 112.75 | H99: 17.57 | I99: 132.56 | J99: 1065.78
A100: 1.2.5.11 | B100: 94273 | C100: SINAPI | D100: ASSENTAMENTO DE GUIA (MEIO-FIO) EM TRECHO RETO, CONFECCIONADA EM CONCRETO PRÉ-FABRICADO, DIMENSÕES 100X15X13X30 CM (COMPRIMENTO X BASE INFERIOR X BASE SUPERIOR X ALTURA), PARA VIAS URBANAS (USO VIÁRIO). AF_06/2016 | E100: M | F100: 89.93 | G100: 56.47 | H100: 17.57 | I100: 66.39 | J100: 5970.45
A101: 1.2.5.12 | B101: 94274 | C101: SINAPI | D101: ASSENTAMENTO DE GUIA (MEIO-FIO) EM TRECHO CURVO, CONFECCIONADA EM CONCRETO PRÉ-FABRICADO, DIMENSÕES 100X15X13X30 CM (COMPRIMENTO X BASE INFERIOR X BASE SUPERIOR X ALTURA), PARA VIAS URBANAS (USO VIÁRIO). AF_06/2016 | E101: M | F101: 9.03 | G101: 60.43 | H101: 17.57 | I101: 71.05 | J101: 641.58
A102: 1.2.6 | B102: DRENAGEM | J102: 28124.68
A103: 1.2.6.1 | B103: 90091 | C103: SINAPI | D103: ESCAVAÇÃO MECANIZADA DE VALA COM PROF. ATÉ 1,5 M (MÉDIA MONTANTE E JUSANTE/UMA COMPOSIÇÃO POR TRECHO), ESCAVADEIRA (0,8 M3), LARG. DE 1,5 M A 2,5 M, EM SOLO DE 1A CATEGORIA, LOCAIS COM BAIXO NÍVEL DE INTERFERÊNCIA. AF_02/2021 | E103: M3 | F103: 13.56 | G103: 6.48 | H103: 17.57 | I103: 7.62 | J103: 103.33
A104: 1.2.6.2 | B104: 93367 | C104: SINAPI | D104: REATERRO MECANIZADO DE VALA COM ESCAVADEIRA HIDRÁULICA (CAPACIDADE DA CAÇAMBA: 0,8 M³ / POTÊNCIA: 111 HP), LARGURA DE 1,5 A 2,5 M, PROFUNDIDADE ATÉ 1,5 M, COM SOLO DE 1ª CATEGORIA EM LOCAIS COM BAIXO NÍVEL DE INTERFERÊNCIA. AF_04/2016 | E104: M3 | F104: 5.08 | G104: 23.75 | H104: 17.57 | I104: 27.92 | J104: 141.83
A105: 1.2.6.3 | B105: COMP-35145154 | C105: Composições Próprias | D105: CARGA E DESCARGA MECANICA DE SOLO UTILIZANDO CAMINHAO BASCULANTE 14,0M3/36T E PA CARREGADEIRA SOBRE PNEUS 128 HP, CAPACIDADE DA CAÇAMBA 1,7 A 2,8 M3, PESO OPERACIONAL 11632 KH | E105: M³ | F105: 10.6 | G105: 2.9 | H105: 17.57 | I105: 3.41 | J105: 36.15
A106: 1.2.6.4 | B106: 95876 | C106: SINAPI | D106: TRANSPORTE COM CAMINHÃO BASCULANTE DE 14 M³, EM VIA URBANA PAVIMENTADA, DMT ATÉ 30 KM (UNIDADE: M3XKM). AF_07/2020 | E106: M3XKM | F106: 20.14 | G106: 2.27 | H106: 17.57 | I106: 2.67 | J106: 53.77
...

Sheet Memória de Cálculo
A1: PREFEITURA MUNICIPAL DO JABOATÃO DOS GUARARAPES
A2: SECRETARIA DE INFRAESTRUTURA - SEINFRA.
A3: SECRETARIA EXECUTIVA DE OBRAS
A5: MEMÓRIA DE CÁLCULO
A6: ='[3]Planilha Orçamentária'!A6:K6 -> Objeto: PAVIMENTAÇÃO E DRENAGEM, RECAPEAMENTO, CONTENÇÃO DE ENCOSTAS, ADEQUAÇÃO DE VIAS, CICLOFAIXA, PONTES E TRAVESSIAS EM DESNÍVEL, DEMOLIÇÃO E REMOÇÃO DE PAVIMENTOS EM DIVERSOS BAIRROS
A7: Local: Jaboatão dos Guararapes
A8: Município: Jaboatão dos Guararapes/PE | J8: {='[3]Planilha Orçamentária'!A8:F8} -> Data: SETEMBRO/2022 | K8: 0 | L8: 0 | M8: 0 | N8: 0 | O8: 0
A9: Item | B9: Código | C9: Descrição | D9: Und | E9: Taxa | F9: Comp. | G9: Larg. | H9: Alt. | I9: QTDE | J9: Total
A10: ='[3]Planilha Orçamentária'!A13 -> 1.1 | B10: =VLOOKUP(A10,'[3]Planilha Orçamentária'!A:K,3,0) -> RUA EQUADOR - CAJUEIRO SECO
A11: ='[3]Planilha Orçamentária'!A14 -> 1.1.1 | C11: =VLOOKUP(A11,'[3]Planilha Orçamentária'!A:K,3,0) -> INSTALAÇÕES PROVISÓRIAS
A12: ='[3]Planilha Orçamentária'!A15 -> 1.1.1.1 | B12: =VLOOKUP(A12,'[3]Planilha Orçamentária'!A:K,2,0) -> CP-74209/001-15055090 | C12: =VLOOKUP(A12,'[3]Planilha Orçamentária'!A:K,3,0) -> PLACA DE OBRA EM CHAPA DE ACO GALVANIZADO | D12: =VLOOKUP(A12,'[3]Planilha Orçamentária'!A:K,4,0) -> M2 | F12: COMPRIMENTO | G12: LARGURA | I12: QUANTIDADE DE PLACAS | J12: =ROUND(SUM(J14:J14),2) -> 8
F14: 2 | G14: 4 | I14: 1 | J14: =ROUND(PRODUCT(E14:I14),2) -> 8
A16: ='[3]Planilha Orçamentária'!A16 -> 1.1.1.2 | B16: =VLOOKUP(A16,'[3]Planilha Orçamentária'!A:K,2,0) -> COMP-07440249 | C16: =VLOOKUP(A16,'[3]Planilha Orçamentária'!A:K,3,0) -> BANHEIRO QUÍMICO, COM LOCAÇÃO, TRANSPORTE E LIMPEZA | D16: =VLOOKUP(A16,'[3]Planilha Orçamentária'!A:K,4,0) -> MÊS | J16: =ROUND(SUM(J19:J19),2) -> 6
I17: QUANTIDADE DE MESES
I19: 6 | J19: =ROUND(PRODUCT(E19:I19),2) -> 6
A21: ='[3]Planilha Orçamentária'!A17 -> 1.1.2 | C21: =VLOOKUP(A21,'[3]Planilha Orçamentária'!A:K,3,0) -> ADMINISTRAÇÃO LOCAL
A22: ='[3]Planilha Orçamentária'!A18 -> 1.1.2.1 | B22: =VLOOKUP(A22,'[3]Planilha Orçamentária'!A:K,2,0) -> 93565 | C22: =VLOOKUP(A22,'[3]Planilha Orçamentária'!A:K,3,0) -> ENGENHEIRO CIVIL DE OBRA JUNIOR COM ENCARGOS COMPLEMENTARES | D22: =VLOOKUP(A22,'[3]Planilha Orçamentária'!A:K,4,0) -> MES | J22: =ROUND(SUM(J24),2) -> 0.75
C24: 6 meses de obra com 22 dias trabalhados e 1h por dia | E24: =22/176 -> 0.125 | I24: =I19 -> 6 | J24: =ROUND(PRODUCT(E24:I24),2) -> 0.75
C25: 1 horas x 22 dias = 22 horas no mês
C26: 1 mês tem 22 dias x 8 horas = 176 horas
A28: ='[3]Planilha Orçamentária'!A19 -> 1.1.2.2 | B28: =VLOOKUP(A28,'[3]Planilha Orçamentária'!A:K,2,0) -> 93572 | C28: =VLOOKUP(A28,'[3]Planilha Orçamentária'!A:K,3,0) -> ENCARREGADO GERAL DE OBRAS COM ENCARGOS COMPLEMENTARES | D28: =VLOOKUP(A28,'[3]Planilha Orçamentária'!A:K,4,0) -> MES | J28: =ROUND(SUM(J30),2) -> 3
C29: 6 meses de obra com 22 dias trabalhados e 4h por dia
C30: 4 horas x 22 dias = 88 horas no mês | E30: =88/176 -> 0.5 | I30: =I19 -> 6 | J30: =ROUND(PRODUCT(E30:I30),2) -> 3
C31: 1 mês tem 22 dias x 8 horas = 176 horas
A33: ='[3]Planilha Orçamentária'!A20 -> 1.1.3 | C33: =VLOOKUP(A33,'[3]Planilha Orçamentária'!A:K,3,0) -> SERVIÇOS PRELIMINARES
A34: ='[3]Planilha Orçamentária'!A21 -> 1.1.3.1 | B34: =VLOOKUP(A34,'[3]Planilha Orçamentária'!A:K,2,0) -> 99064 | C34: =VLOOKUP(A34,'[3]Planilha Orçamentária'!A:K,3,0) -> LOCAÇÃO DE PAVIMENTAÇÃO. AF_10/2018 | D34: =VLOOKUP(A34,'[3]Planilha Orçamentária'!A:K,4,0) -> M | J34: =ROUND(SUM(J36:J38),2) -> 614.67
F35: COMPRIMENTO
C36: E0+ 0,00 A E15 + 17,47 | F36: =[3]PARÂMETROS!B124 -> 317.47 | J36: =ROUND(PRODUCT(E36:I36),2) -> 317.47
C37: E16 + 10,08 A E23 + 17,24 | F37: =[3]PARÂMETROS!B125 -> 147.16 | J37: =ROUND(PRODUCT(E37:I37),2) -> 147.16
C38: E24 + 4,28 A E31 + 14,32 | F38: =[3]PARÂMETROS!B126 -> 150.04 | J38: =ROUND(PRODUCT(E38:I38),2) -> 150.04
A40: ='[3]Planilha Orçamentária'!A22 -> 1.1.3.2 | B40: =VLOOKUP(A40,'[3]Planilha Orçamentária'!A:K,2,0) -> COMP-17562084 | C40: =VLOOKUP(A40,'[3]Planilha Orçamentária'!A:K,3,0) -> DEMOLIÇÃO MANUAL DE CONCRETO SIMPLES | D40: =VLOOKUP(A40,'[3]Planilha Orçamentária'!A:K,4,0) -> M3 | J40: =ROUND(SUM(J42),2) -> 211.49
C41: PROJETO: DEM_PLA_RUA EQUADOR_R00 | H41: ESPESSURA | I41: ÁREA
C42: Passeio à demolir (quantidade de acordo com o quadro de especificações) | H42: 0.07 | I42: 3021.34 | J42: =ROUND(PRODUCT(E42:I42),2) -> 211.49
A44: ='[3]Planilha Orçamentária'!A23 -> 1.1.3.3 | B44: =VLOOKUP(A44,'[3]Planilha Orçamentária'!A:K,2,0) -> COMP-01471766 | C44: =VLOOKUP(A44,'[3]Planilha Orçamentária'!A:K,3,0) -> DEMOLIÇÃO DE MEIO-FIO | D44: =VLOOKUP(A44,'[3]Planilha Orçamentária'!A:K,4,0) -> M | J44: =ROUND(SUM(J46),2) -> 1279.92
C45: PROJETO: DEM_PLA_RUA EQUADOR_R00 | F45: COMPRIMENTO
C46: Meio-fio à demolir (quantidade de acordo com o quadro de especificações) | F46: 1279.92 | J46: =ROUND(PRODUCT(E46:I46),2) -> 1279.92
A48: ='[3]Planilha Orçamentária'!A24 -> 1.1.3.4 | B48: =VLOOKUP(A48,'[3]Planilha Orçamentária'!A:K,2,0) -> COMP-35145154 | C48: =VLOOKUP(A48,'[3]Planilha Orçamentária'!A:K,3,0) -> CARGA E DESCARGA MECANICA DE SOLO UTILIZANDO CAMINHAO BASCULANTE 14,0M3/36T E PA CARREGADEIRA SOBRE PNEUS 128 HP, CAPACIDADE DA CAÇAMBA 1,7 A 2,8 M3, PESO OPERACIONAL 11632 KH | D48: =VLOOKUP(A48,'[3]Planilha Orçamentária'!A:K,4,0) -> M3 | J48: =ROUND(SUM(J50:J52),2) -> 336.36
E49: EMPOLAMENTO | I49: VOLUME
C50: Passeio - Volume a ser demolido x empolamento | E50: 1.25 | I50: =J40 -> 211.49 | J50: =ROUND(PRODUCT(E50:I50),2) -> 264.36
E51: EMPOLAMENTO | F51: COMPRIMENTO | G51: LARGURA | H51: ESPESSURA
C52: Meio-fio - Volume a ser demolido x empolamento | E52: 1.25 | F52: =J44 -> 1279.92 | G52: 0.15 | H52: 0.3 | J52: =ROUND(PRODUCT(E52:I52),2) -> 72
A54: ='[3]Planilha Orçamentária'!A25 -> 1.1.3.5 | B54: =VLOOKUP(A54,'[3]Planilha Orçamentária'!A:K,2,0) -> 95876 | C54: =VLOOKUP(A54,'[3]Planilha Orçamentária'!A:K,3,0) -> TRANSPORTE COM CAMINHÃO BASCULANTE DE 14 M³, EM VIA URBANA PAVIMENTADA, DMT ATÉ 30 KM (UNIDADE: M3XKM). AF_07/2020 | D54: =VLOOKUP(A54,'[3]Planilha Orçamentária'!A:K,4,0) -> M3XKM | J54: =ROUND(SUM(J56),2) -> 706.36
C55: dmt - rua equador - prefeitura sede | E55: DMT | I55: VOLUME
C56: V = Volume de carga x DMT (2,10Km) | E56: 2.1 | I56: =J48 -> 336.36 | J56: =ROUND(PRODUCT(E56:I56),2) -> 706.36
A58: ='[3]Planilha Orçamentária'!A26 -> 1.1.4 | C58: =VLOOKUP(A58,'[3]Planilha Orçamentária'!A:K,3,0) -> TERRAPLANAGEM
A59: ='[3]Planilha Orçamentária'!A27 -> 1.1.4.1 | B59: =VLOOKUP(A59,'[3]Planilha Orçamentária'!A:K,2,0) -> CP-74205/001-17324935 | C59: =VLOOKUP(A59,'[3]Planilha Orçamentária'!A:K,3,0) -> ESCAVAÇÃO MECÂNICA DE MATERIAL 1A. CATEGORIA, PROVENIENTE DE CORTE DE SUBLEITO (C/TRATOR ESTEIRAS 160HP) | D59: =VLOOKUP(A59,'[3]Planilha Orçamentária'!A:K,4,0) -> M3 | J59: =ROUND(SUM(J61:J61),2) -> 2121.49
C60: Projeto: TER_ST_MC_NS_R_EQUADOR_R00 | I60: VOLUME
C61: Mapa de Cubagem | I61: =[3]PARÂMETROS!G128 -> 2121.49 | J61: =ROUND(PRODUCT(E61:I61),2) -> 2121.49
A63: ='[3]Planilha Orçamentária'!A28 -> 1.1.4.2 | B63: =VLOOKUP(A63,'[3]Planilha Orçamentária'!A:K,2,0) -> COMP-35145154 | C63: =VLOOKUP(A63,'[3]Planilha Orçamentária'!A:K,3,0) -> CARGA E DESCARGA MECANICA DE SOLO UTILIZANDO CAMINHAO BASCULANTE 14,0M3/36T E PA CARREGADEIRA SOBRE PNEUS 128 HP, CAPACIDADE DA CAÇAMBA 1,7 A 2,8 M3, PESO OPERACIONAL 11632 KH | D63: =VLOOKUP(A63,'[3]Planilha Orçamentária'!A:K,4,0) -> M3 | J63: =ROUND(SUM(J66:J66),2) -> 2651.86
C64: Projeto: TER_ST_MC_NS_R_EQUADOR_R00
C65: Volume de carga e descarga = Volume escavado | E65: EMPOLAMENTO | I65: VOLUME
C66: V = Volume de carga e descarga x 1,25 (empolamento) | E66: 1.25 | I66: =[3]PARÂMETROS!G129 -> 2121.49 | J66: =ROUND(PRODUCT(E66:I66),2) -> 2651.86
A68: ='[3]Planilha Orçamentária'!A29 -> 1.1.4.3 | B68: =VLOOKUP(A68,'[3]Planilha Orçamentária'!A:K,2,0) -> 95876 | C68: =VLOOKUP(A68,'[3]Planilha Orçamentária'!A:K,3,0) -> TRANSPORTE COM CAMINHÃO BASCULANTE DE 14 M³, EM VIA URBANA PAVIMENTADA, DMT ATÉ 30 KM (UNIDADE: M3XKM). AF_07/2020 | D68: =VLOOKUP(A68,'[3]Planilha Orçamentária'!A:K,4,0) -> M3XKM | J68: =ROUND(SUM(J71:J71),2) -> 5568.91
C69: Projeto: TER_ST_MC_NS_R_EQUADOR_R00
C70: dmt - rua equador - prefeitura sede | E70: DMT
C71: V = Volume de carga x DMT (2,100Km) | E71: 2.1 | I71: =J63 -> 2651.86 | J71: =ROUND(PRODUCT(E71:I71),2) -> 5568.91
A73: ='[3]Planilha Orçamentária'!A30 -> 1.1.5 | C73: =VLOOKUP(A73,'[3]Planilha Orçamentária'!A:K,3,0) -> PAVIMENTAÇÃO
A74: ='[3]Planilha Orçamentária'!A31 -> 1.1.5.1 | B74: =VLOOKUP(A74,'[3]Planilha Orçamentária'!A:K,2,0) -> 100576 | C74: =VLOOKUP(A74,'[3]Planilha Orçamentária'!A:K,3,0) -> REGULARIZAÇÃO E COMPACTAÇÃO DE SUBLEITO DE SOLO PREDOMINANTEMENTE ARGILOSO. AF_11/2019 | D74: =VLOOKUP(A74,'[3]Planilha Orçamentária'!A:K,4,0) -> M2 | J74: =ROUND(SUM(J76:J76),2) -> 4302.69
C75: Projeto: GEO_PLA_DET_RUA EQUADOR_R00 | F75: COMPRIMENTO | G75: LARGURA
C76: Área Regularizada = Extensão da via x (Largura média da via + 1,00m) | F76: =J34 -> 614.67 | G76: =6+1 -> 7 | J76: =ROUND(PRODUCT(E76:I76),2) -> 4302.69
A78: ='[3]Planilha Orçamentária'!A32 -> 1.1.5.2 | B78: =VLOOKUP(A78,'[3]Planilha Orçamentária'!A:K,2,0) -> COMP-28881239 | C78: =VLOOKUP(A78,'[3]Planilha Orçamentária'!A:K,3,0) -> Base ou sub-base de macadame hidráulico com brita comercial - EXCLUSIVE MATERIAL, CARGA E TRANSPORTE - NÃO DESONERADO | D78: =VLOOKUP(A78,'[3]Planilha Orçamentária'!A:K,4,0) -> M3 | J78: =ROUND(SUM(J80:J80),2) -> 553.2
C79: Projeto: GEO_PLA_DET_RUA EQUADOR_R00 | F79: COMPRIMENTO | G79: LARGURA | H79: ESPESSURA
C80: Volume = Área Regularizada comprimento x largura x Espessura (0,15 m) | F80: =F76 -> 614.67 | G80: =6-1+0.5+0.5 -> 6 | H80: 0.15 | J80: =ROUND(PRODUCT(E80:I80),2) -> 553.2
A82: ='[3]Planilha Orçamentária'!A33 -> 1.1.5.3 | B82: =VLOOKUP(A82,'[3]Planilha Orçamentária'!A:K,2,0) -> CP-96396-26507981 | C82: =VLOOKUP(A82,'[3]Planilha Orçamentária'!A:K,3,0) -> EXECUÇÃO E COMPACTAÇÃO DE BASE E OU SUB BASE PARA PAVIMENTAÇÃO DE BRITA GRADUADA SIMPLES - EXCLUSIVE MATERIAL, CARGA E TRANSPORTE | D82: =VLOOKUP(A82,'[3]Planilha Orçamentária'!A:K,4,0) -> M3 | J82: =ROUND(SUM(J84:J84),2) -> 614.67
C83: Projeto: GEO_PLA_DET_RUA EQUADOR_R00 | F83: COMPRIMENTO | G83: LARGURA | H83: ESPESSURA
C84: Volume = Área Regularizada comprimento x largura x Espessura (0,20 m) | F84: =F76 -> 614.67 | G84: =6-1 -> 5 | H84: 0.2 | J84: =ROUND(PRODUCT(E84:I84),2) -> 614.67
A86: ='[3]Planilha Orçamentária'!A34 -> 1.1.5.4 | B86: =VLOOKUP(A86,'[3]Planilha Orçamentária'!A:K,2,0) -> COMP-35145154 | C86: =VLOOKUP(A86,'[3]Planilha Orçamentária'!A:K,3,0) -> CARGA E DESCARGA MECANICA DE SOLO UTILIZANDO CAMINHAO BASCULANTE 14,0M3/36T E PA CARREGADEIRA SOBRE PNEUS 128 HP, CAPACIDADE DA CAÇAMBA 1,7 A 2,8 M3, PESO OPERACIONAL 11632 KH | D86: =VLOOKUP(A86,'[3]Planilha Orçamentária'!A:K,4,0) -> M3 | J86: =ROUND(SUM(J87:J88),2) -> 1459.84
E87: EMPOLAMENTO | I87: VOLUME DE BGS + MACADAME
C88: Base em Brita Graduada X Empolamento (1,25) | E88: 1.25 | I88: =J82+J78 -> 1167.87 | J88: =ROUND(PRODUCT(E88:I88),2) -> 1459.84
A90: ='[3]Planilha Orçamentária'!A35 -> 1.1.5.5 | B90: =VLOOKUP(A90,'[3]Planilha Orçamentária'!A:K,2,0) -> COMP-83526730 | C90: =VLOOKUP(A90,'[3]Planilha Orçamentária'!A:K,3,0) -> TRANSPORTE COMERCIAL DE BRITA | D90: =VLOOKUP(A90,'[3]Planilha Orçamentária'!A:K,4,0) -> M3XKM | J90: =ROUND(SUM(J91:J92),2) -> 10218.88
C91: DMT - pedreira guarany - rua equador | E91: DMT | I91: VOLUME DE CARGA
C92: Carga X DMT (7 Km) | E92: 7 | I92: =J86 -> 1459.84 | J92: =ROUND(PRODUCT(E92:I92),2) -> 10218.88
A95: ='[3]Planilha Orçamentária'!A36 -> 1.1.5.6 | B95: =VLOOKUP(A95,'[3]Planilha Orçamentária'!A:K,2,0) -> CP-96401-52745838 | C95: =VLOOKUP(A95,'[3]Planilha Orçamentária'!A:K,3,0) -> EXECUÇÃO DE IMPRIMAÇÃO COM ASFALTO DILUÍDO CM-30, EXCLUSIVE MATERIAL. | D95: =VLOOKUP(A95,'[3]Planilha Orçamentária'!A:K,4,0) -> M2 | J95: =ROUND(SUM(J97:J99),2) -> 3068.17
C96: Projeto: GEO_PLA_DET_RUA EQUADOR_R00 | I96: ÁREA
C97: Área do Pavimento (De acordo com o quadro de quantitativo) | I97: =[3]PARÂMETROS!F138 -> 3366.55 | J97: =ROUND(PRODUCT(E97:I97),2) -> 3366.55
F98: COMPRIMENTO | G98: LARGURA
C99: desconto canaleta | E99: -1 | F99: 298.38 | G99: 1 | J99: =ROUND(PRODUCT(E99:I99),2) -> -298.38
A101: ='[3]Planilha Orçamentária'!A37 -> 1.1.5.7 | B101: =VLOOKUP(A101,'[3]Planilha Orçamentária'!A:K,2,0) -> CP-95995-51339760 | C101: =VLOOKUP(A101,'[3]Planilha Orçamentária'!A:K,3,0) -> EXECUÇÃO DE PAVIMENTO COM APLICAÇÃO DE CONCRETO ASFÁLTICO, CAMADA DE ROLAMENTO - EXCLUSIVE CARGA E TRANSPORTE E CONCRETO BETUMINOSO | D101: =VLOOKUP(A101,'[3]Planilha Orçamentária'!A:K,4,0) -> M3 | J101: =ROUND(SUM(J102:J105),2) -> 153.41
C102: Projeto: GEO_PLA_DET_RUA EQUADOR_R00 | H102: ESPESSURA | I102: ÁREA
C103: Área da Imprimação X Espessura (0,05m) | H103: 0.05 | I103: =J97 -> 3366.55 | J103: =ROUND(PRODUCT(E103:I103),2) -> 168.33
F104: COMPRIMENTO | G104: LARGURA | H104: ESPESSURA
C105: desconto canaleta | E105: -1 | F105: =F99 -> 298.38 | G105: 1 | H105: 0.05 | J105: =ROUND(PRODUCT(E105:I105),2) -> -14.92
A107: ='[3]Planilha Orçamentária'!A38 -> 1.1.5.8 | B107: =VLOOKUP(A107,'[3]Planilha Orçamentária'!A:K,2,0) -> COMP-10034101 | C107: =VLOOKUP(A107,'[3]Planilha Orçamentária'!A:K,3,0) -> CARGA, MANOBRAS E DESCARGA DE MISTURA BETUMINOSA A QUENTE, COM CAMINHAO BASCULANTE 6 M3, DESCARGA EM VIBRO-ACABADORA | D107: =VLOOKUP(A107,'[3]Planilha Orçamentária'!A:K,4,0) -> M3 | J107: =ROUND(SUM(J109:J109),2) -> 153.41
I108: VOLUME
C109: Volume de CBUQ | I109: =J101 -> 153.41 | J109: =ROUND(PRODUCT(E109:I109),2) -> 153.41
A111: ='[3]Planilha Orçamentária'!A39 -> 1.1.5.9 | B111: =VLOOKUP(A111,'[3]Planilha Orçamentária'!A:K,2,0) -> CP-95303-56931542 | C111: =VLOOKUP(A111,'[3]Planilha Orçamentária'!A:K,3,0) -> TRANSPORTE COM CAMINHÃO BASCULANTE 10 M3 DE MASSA ASFALTICA PARA PAVIMENTAÇÃO URBANA | D111: =VLOOKUP(A111,'[3]Planilha Orçamentária'!A:K,4,0) -> M3XKM | J111: =ROUND(SUM(J113:J113),2) -> 2316.49
C112: DMT - mf engenharia - rua equador | E112: DMT | I112: VOLUME DE CARGA
C113: Carga X DMT (15,10Km) | E113: 15.1 | I113: =J107 -> 153.41 | J113: =ROUND(PRODUCT(E113:I113),2) -> 2316.49
A115: ='[3]Planilha Orçamentária'!A40 -> 1.1.5.10 | B115: =VLOOKUP(A115,'[3]Planilha Orçamentária'!A:K,2,0) -> CP-97084-89637704 | C115: =VLOOKUP(A115,'[3]Planilha Orçamentária'!A:K,3,0) -> REGULARIZACAO E COMPACTAÇÃO MANUAL DE TERRENO COM PLACA VIBRATÓRIA | D115: =VLOOKUP(A115,'[3]Planilha Orçamentária'!A:K,4,0) -> M2 | J115: =ROUND(SUM(J117:J117),2) -> 3007.49
C116: Projeto: GEO_PLA_DET_RUA EQUADOR_R00 | I116: ÁREA
C117: Passeios em Concreto (retirado do quadro de especificações) | I117: =[3]PARÂMETROS!F147 -> 3007.49 | J117: =ROUND(PRODUCT(E117:I117),2) -> 3007.49
A119: ='[3]Planilha Orçamentária'!A41 -> 1.1.5.11 | B119: =VLOOKUP(A119,'[3]Planilha Orçamentária'!A:K,2,0) -> CP-94991-12549457 | C119: =VLOOKUP(A119,'[3]Planilha Orçamentária'!A:K,3,0) -> EXECUÇÃO DE PASSEIO (CALÇADA) OU PISO DE CONCRETO COM CONCRETO MOLDADO IN LOCO, USINADO, ACABAMENTO CONVENCIONAL, NÃO ARMADO - EXCLUINDO O CONCRETO USINADO 20MPA | D119: =VLOOKUP(A119,'[3]Planilha Orçamentária'!A:K,4,0) -> M3 | J119: =ROUND(SUM(J121:J122),2) -> 208.83
C120: Projeto: GEO_PLA_DET_RUA EQUADOR_R00
C121: Passeios em Concreto (retirado do quadro de especificações) | H121: 0.07 | I121: =J115 -> 3007.49 | J121: =ROUND(PRODUCT(E121:I121),2) -> 210.52
C122: desconto piso tátil | E122: -1 | H122: 0.07 | I122: =J244 -> 24.18 | J122: =ROUND(PRODUCT(E122:I122),2) -> -1.69
A124: ='[3]Planilha Orçamentária'!A42 -> 1.1.5.12 | B124: =VLOOKUP(A124,'[3]Planilha Orçamentária'!A:K,2,0) -> 94273 | C124: =VLOOKUP(A124,'[3]Planilha Orçamentária'!A:K,3,0) -> ASSENTAMENTO DE GUIA (MEIO-FIO) EM TRECHO RETO, CONFECCIONADA EM CONCRETO PRÉ-FABRICADO, DIMENSÕES 100X15X13X30 CM (COMPRIMENTO X BASE INFERIOR X BASE SUPERIOR X ALTURA), PARA VIAS URBANAS (USO VIÁRIO). AF_06/2016 | D124: =VLOOKUP(A124,'[3]Planilha Orçamentária'!A:K,4,0) -> M | J124: =ROUND(SUM(J126:J127),2) -> 1282.38
C125: Projeto: GEO_PLA_DET_RUA EQUADOR_R00 | F125: COMPRIMENTO
C126: Meio-Fio (Comprimento retirado do quadro de especificações) - trecho curvo | F126: =1261.63-F131 -> 1225.47 | J126: =ROUND(PRODUCT(E126:I126),2) -> 1225.47
C127: Recrava (Comprimento retirado do quadro de especificações) | F127: =[3]PARÂMETROS!B142 -> 56.91 | J127: =ROUND(PRODUCT(E127:I127),2) -> 56.91
A129: ='[3]Planilha Orçamentária'!A43 -> 1.1.5.13 | B129: =VLOOKUP(A129,'[3]Planilha Orçamentária'!A:K,2,0) -> 94274 | C129: =VLOOKUP(A129,'[3]Planilha Orçamentária'!A:K,3,0) -> ASSENTAMENTO DE GUIA (MEIO-FIO) EM TRECHO CURVO, CONFECCIONADA EM CONCRETO PRÉ-FABRICADO, DIMENSÕES 100X15X13X30 CM (COMPRIMENTO X BASE INFERIOR X BASE SUPERIOR X ALTURA), PARA VIAS URBANAS (USO VIÁRIO). AF_06/2016 | D129: =VLOOKUP(A129,'[3]Planilha Orçamentária'!A:K,4,0) -> M | J129: =ROUND(SUM(J131:J131),2) -> 36.16
...

Sheet COMPOSICOES PROPRIAS
A3: CP-74209/001-15055090 - PLACA DE OBRA EM CHAPA DE ACO GALVANIZADO (M2)
A4: Material | D4: FONTE | F4: UNID | G4: COEFICIENTE | H4: PREÇO UNITÁRIO | I4: TOTAL
A5: 00004813 | B5: PLACA DE OBRA (PARA CONSTRUCAO CIVIL) EM CHAPA GALVANIZADA *N. 22*, ADESIVADA, DE *2,4 X 1,2* M (SEM POSTES PARA FIXACAO) | D5: SINAPI | F5: M2 | G5: 1 | H5: 445 | I5: 445
A6: 00004491 | B6: PONTALETE *7,5 X 7,5* CM EM PINUS, MISTA OU EQUIVALENTE DA REGIAO - BRUTA | D6: SINAPI | F6: M | G6: 4 | H6: 10.85 | I6: 43.4
A7: 00005075 | B7: PREGO DE ACO POLIDO COM CABECA 18 X 30 (2 3/4 X 10) | D7: SINAPI | F7: KG | G7: 0.11 | H7: 23.4 | I7: 2.574
A8: 00004417 | B8: SARRAFO NAO APARELHADO *2,5 X 7* CM, EM MACARANDUBA, ANGELIM OU EQUIVALENTE DA REGIAO - BRUTA | D8: SINAPI | F8: M | G8: 1 | H8: 6.12 | I8: 6.12
G9: TOTAL Material: | I9: 497.09
A10: Mão de Obra com Encargos Complementares | D10: FONTE | F10: UNID | G10: COEFICIENTE | H10: PREÇO UNITÁRIO | I10: TOTAL
A11: 88262 | B11: CARPINTEIRO DE FORMAS COM ENCARGOS COMPLEMENTARES | D11: SINAPI | F11: H | G11: 1 | H11: 24.39 | I11: 24.39
A12: 88316 | B12: SERVENTE COM ENCARGOS COMPLEMENTARES | D12: SINAPI | F12: H | G12: 2 | H12: 19.8 | I12: 39.6
G13: TOTAL Mão de Obra com Encargos Complementares: | I13: 63.99
A14: Serviço | D14: FONTE | F14: UNID | G14: COEFICIENTE | H14: PREÇO UNITÁRIO | I14: TOTAL
A15: 94962 | B15: CONCRETO MAGRO PARA LASTRO, TRAÇO 1:4,5:4,5 (EM MASSA SECA DE CIMENTO/ AREIA MÉDIA/ BRITA 1) - PREPARO MECÂNICO COM BETONEIRA 400 L. AF_05/2021 | D15: SINAPI | F15: M3 | G15: 0.01 | H15: 390.79 | I15: 3.9079
G16: TOTAL Serviço: | I16: 3.91
A17: Observações: BASEADA NO SINAPI 74209/001 | G17: VALOR: | I17: 564.99
A19: COMP-07440249 - BANHEIRO QUÍMICO, COM LOCAÇÃO, TRANSPORTE E LIMPEZA (MÊS)
A20: Equipamento | D20: FONTE | F20: UNID | G20: COEFICIENTE | H20: PREÇO UNITÁRIO | I20: TOTAL
A21: INS-256943 | B21: BANHEIRO QUÍMICO, COM LOCAÇÃO, TRANSPORTE E LIMPEZA | D21: Composições | F21: MÊS | G21: 1 | H21: 700 | I21: 700
G22: TOTAL Equipamento: | I22: 700
A23: Observações: COTAÇÃO OBTIDA PARA LOCAÇÃO DO SERVIÇO DE BANHEIRO QUÍMICO PARA OBRA | G23: VALOR: | I23: 700
A26: COMP-17562084 - DEMOLIÇÃO MANUAL DE CONCRETO SIMPLES (M³)
A27: Mão de Obra com Encargos Complementares | D27: FONTE | F27: UNID | G27: COEFICIENTE | H27: PREÇO UNITÁRIO | I27: TOTAL
A28: 88309 | B28: PEDREIRO COM ENCARGOS COMPLEMENTARES | D28: SINAPI | F28: H | G28: 1.3 | H28: 24.66 | I28: 32.058
A29: 88316 | B29: SERVENTE COM ENCARGOS COMPLEMENTARES | D29: SINAPI | F29: H | G29: 9.1 | H29: 19.8 | I29: 180.18
G30: TOTAL Mão de Obra com Encargos Complementares: | I30: 212.24
A31: Observações: BASEADO 73616 Sinapi Novembro/2017 | G31: VALOR: | I31: 212.24
A33: COMP-01471766 - DEMOLIÇÃO DE MEIO-FIO (M)
A34: Mão de Obra com Encargos Complementares | D34: FONTE | F34: UNID | G34: COEFICIENTE | H34: PREÇO UNITÁRIO | I34: TOTAL
A35: 88309 | B35: PEDREIRO COM ENCARGOS COMPLEMENTARES | D35: SINAPI | F35: H | G35: 0.05 | H35: 24.66 | I35: 1.233
A36: 88316 | B36: SERVENTE COM ENCARGOS COMPLEMENTARES | D36: SINAPI | F36: H | G36: 0.5 | H36: 19.8 | I36: 9.9
G37: TOTAL Mão de Obra com Encargos Complementares: | I37: 11.13
A38: Observações: Baseado na composição 00021/ORSE Ago/2021 | G38: VALOR: | I38: 11.13
A40: COMP-35145154 - CARGA E DESCARGA MECANICA DE SOLO UTILIZANDO CAMINHAO BASCULANTE 14,0M3 E PA CARREGADEIRA SOBRE PNEUS 128 HP, CAPACIDADE DA CAÇAMBA 1,7 A 2,8 M3, PESO OPERACIONAL 11632 KG (M³)
A41: Equipamento Custo Horário | D41: FONTE | F41: UNID | G41: COEFICIENTE | H41: PREÇO UNITÁRIO | I41: TOTAL
A42: 89876 | B42: CAMINHÃO BASCULANTE 14 M3, COM CAVALO MECÂNICO DE CAPACIDADE MÁXIMA DE TRAÇÃO COMBINADO DE 36000 KG, POTÊNCIA 286 CV, INCLUSIVE SEMIREBOQUE COM CAÇAMBA METÁLICA - CHP DIURNO. AF_12/2014 | D42: SINAPI | F42: CHP | G42: 0.003 | H42: 354.67 | I42: 1.06401
A43: 5940 | B43: PÁ CARREGADEIRA SOBRE RODAS, POTÊNCIA LÍQUIDA 128 HP, CAPACIDADE DA CAÇAMBA 1,7 A 2,8 M3, PESO OPERACIONAL 11632 KG - CHP DIURNO. AF_06/2014 | D43: SINAPI | F43: CHP | G43: 0.008 | H43: 209.48 | I43: 1.67584
G44: TOTAL Equipamento Custo Horário: | I44: 2.74
A45: Mão de Obra com Encargos Complementares | D45: FONTE | F45: UNID | G45: COEFICIENTE | H45: PREÇO UNITÁRIO | I45: TOTAL
A46: 88316 | B46: SERVENTE COM ENCARGOS COMPLEMENTARES | D46: SINAPI | F46: H | G46: 0.008 | H46: 19.8 | I46: 0.1584
G47: TOTAL Mão de Obra com Encargos Complementares: | I47: 0.16
A48: Observações: Os consumos foram baseados no item 74010/1 | G48: VALOR: | I48: 2.9
A50: CP-74205/001-17324935 - ESCAVAÇÃO MECÂNICA DE MATERIAL 1A. CATEGORIA, PROVENIENTE DE CORTE DE SUBLEITO (C/TRATOR ESTEIRAS 160HP) (M3)
A51: Equipamento Custo Horário | D51: FONTE | F51: UNID | G51: COEFICIENTE | H51: PREÇO UNITÁRIO | I51: TOTAL
A52: 5847 | B52: TRATOR DE ESTEIRAS, POTÊNCIA 170 HP, PESO OPERACIONAL 19 T, CAÇAMBA 5,2 M3 - CHP DIURNO. AF_06/2014 | D52: SINAPI | F52: CHP | G52: 0.00794 | H52: 308.91 | I52: 2.4527454
G53: TOTAL Equipamento Custo Horário: | I53: 2.45
A54: Mão de Obra com Encargos Complementares | D54: FONTE | F54: UNID | G54: COEFICIENTE | H54: PREÇO UNITÁRIO | I54: TOTAL
A55: 88316 | B55: SERVENTE COM ENCARGOS COMPLEMENTARES | D55: SINAPI | F55: H | G55: 0.0069 | H55: 19.8 | I55: 0.13662
G56: TOTAL Mão de Obra com Encargos Complementares: | I56: 0.14
A57: Observações: BASEADO NO SINAPI 74205/001 | G57: VALOR: | I57: 2.59
A59: COMP-28881239 - Base ou sub-base de macadame hidráulico com brita comercial - EXCLUSIVE MATERIAL, CARGA E TRANSPORTE - NÃO DESONERADO (m³)
A60: EQUIPAMENTOS | C60: QUANT | E60: UTILIZAÇÃO | G60: CUSTO OPERACIONAL | I60: CUSTO HORÁRIO
E61: PROD | F61: IMPR | G61: PROD | H61: IMPR
A62: E9571 | B62: Caminhão tanque com capacidade de 10.000 l - 188 kW | C62: 1 | E62: 0.76 | F62: 0.24 | G62: 346.7634 | H62: 81.1251 | I62: 283.01021
A63: E9514 | B63: Distribuidor de agregados sobre pneus autopropelido - 130 kW | C63: 1 | E63: 1 | F63: 0 | G63: 280.7372 | H63: 89.7703 | I63: 280.7372
A64: E9762 | B64: Rolo compactador de pneus autopropelido de 27 t - 85 kW | C64: 1 | E64: 0.88 | F64: 0.12 | G64: 229.6774 | H64: 103.4821 | I64: 214.53396
A65: E9530 | B65: Rolo compactador liso vibratório autopropelido por pneus de 11 t - 97 kW | C65: 1 | E65: 0.71 | F65: 0.29 | G65: 199.582 | H65: 71.4652 | I65: 162.42813
G66: TOTAL EQUIPAMENTOS: | I66: 940.7095
A67: MÃO DE OBRA | F67: UNID | G67: CONSUMO | H67: SALÁRIO HORA | I67: CUSTO HORÁRIO
A68: P9824 | B68: Servente | F68: h | G68: 1 | H68: 18.9478 | I68: 18.9478
G69: TOTAL MÃO DE OBRA: | I69: 18.95
G70: Custo Horário da Execução: | I70: 959.6595
G71: Produção da Equipe: | I71: 84.62
G72: Custo Unitário da Execução: | I72: 11.34
G73: Custo do FIC (0,00544): | I73: 0.0617
G74: Custo Direto Total: | I74: 11.4017
A75: Observações: BASEADO NO SICRO NOVO 4011282 - RETIRANDO INSUMOS, CARGA E TRANSPORTE | G75: VALOR: | I75: 11.4
A78: CP-96396-26507981 - EXECUÇÃO E COMPACTAÇÃO DE BASE E OU SUB BASE PARA PAVIMENTAÇÃO DE BRITA GRADUADA SIMPLES - EXCLUSIVE MATERIAL, CARGA E TRANSPORTE (M3)
A79: Equipamento Custo Horário | D79: FONTE | F79: UNID | G79: COEFICIENTE | H79: PREÇO UNITÁRIO | I79: TOTAL
A80: 5903 | B80: CAMINHÃO PIPA 10.000 L TRUCADO, PESO BRUTO TOTAL 23.000 KG, CARGA ÚTIL MÁXIMA 15.935 KG, DISTÂNCIA ENTRE EIXOS 4,8 M, POTÊNCIA 230 CV, INCLUSIVE TANQUE DE AÇO PARA TRANSPORTE DE ÁGUA - CHI DIURNO. AF_06/2014 | D80: SINAPI | F80: CHI | G80: 0.028 | H80: 69.29 | I80: 1.94012
A81: 5901 | B81: CAMINHÃO PIPA 10.000 L TRUCADO, PESO BRUTO TOTAL 23.000 KG, CARGA ÚTIL MÁXIMA 15.935 KG, DISTÂNCIA ENTRE EIXOS 4,8 M, POTÊNCIA 230 CV, INCLUSIVE TANQUE DE AÇO PARA TRANSPORTE DE ÁGUA - CHP DIURNO. AF_06/2014 | D81: SINAPI | F81: CHP | G81: 0.002 | H81: 365.18 | I81: 0.73036
A82: 5934 | B82: MOTONIVELADORA POTÊNCIA BÁSICA LÍQUIDA (PRIMEIRA MARCHA) 125 HP, PESO BRUTO 13032 KG, LARGURA DA LÂMINA DE 3,7 M - CHI DIURNO. AF_06/2014 | D82: SINAPI | F82: CHI | G82: 0.022 | H82: 105.01 | I82: 2.31022
A83: 5932 | B83: MOTONIVELADORA POTÊNCIA BÁSICA LÍQUIDA (PRIMEIRA MARCHA) 125 HP, PESO BRUTO 13032 KG, LARGURA DA LÂMINA DE 3,7 M - CHP DIURNO. AF_06/2014 | D83: SINAPI | F83: CHP | G83: 0.008 | H83: 298.69 | I83: 2.38952
A84: 96464 | B84: ROLO COMPACTADOR DE PNEUS, ESTATICO, PRESSAO VARIAVEL, POTENCIA 110 HP, PESO SEM/COM LASTRO 10,8/27 T, LARGURA DE ROLAGEM 2,30 M - CHI DIURNO. AF_06/2017 | D84: SINAPI | F84: CHI | G84: 0.026 | H84: 93.1 | I84: 2.4206
A85: 96463 | B85: ROLO COMPACTADOR DE PNEUS, ESTATICO, PRESSAO VARIAVEL, POTENCIA 110 HP, PESO SEM/COM LASTRO 10,8/27 T, LARGURA DE ROLAGEM 2,30 M - CHP DIURNO. AF_06/2017 | D85: SINAPI | F85: CHP | G85: 0.004 | H85: 236.64 | I85: 0.94656
A86: 5685 | B86: ROLO COMPACTADOR VIBRATÓRIO DE UM CILINDRO AÇO LISO, POTÊNCIA 80 HP, PESO OPERACIONAL MÁXIMO 8,1 T, IMPACTO DINÂMICO 16,15 / 9,5 T, LARGURA DE TRABALHO 1,68 M - CHI DIURNO. AF_06/2014 | D86: SINAPI | F86: CHI | G86: 0.021 | H86: 70.67 | I86: 1.48407
A87: 5684 | B87: ROLO COMPACTADOR VIBRATÓRIO DE UM CILINDRO AÇO LISO, POTÊNCIA 80 HP, PESO OPERACIONAL MÁXIMO 8,1 T, IMPACTO DINÂMICO 16,15 / 9,5 T, LARGURA DE TRABALHO 1,68 M - CHP DIURNO. AF_06/2014 | D87: SINAPI | F87: CHP | G87: 0.009 | H87: 181.02 | I87: 1.62918
G88: TOTAL Equipamento Custo Horário: | I88: 13.85
A89: Mão de Obra com Encargos Complementares | D89: FONTE | F89: UNID | G89: COEFICIENTE | H89: PREÇO UNITÁRIO | I89: TOTAL
A90: 88316 | B90: SERVENTE COM ENCARGOS COMPLEMENTARES | D90: SINAPI | F90: H | G90: 0.03 | H90: 19.8 | I90: 0.594
G91: TOTAL Mão de Obra com Encargos Complementares: | I91: 0.59
A92: Observações: BASEADA NO SINAPI 96396 - JULHO 2022 | G92: VALOR: | I92: 14.44
A94: COMP-83526730 - TRANSPORTE COMERCIAL DE BRITA (M³XKM)
A95: Equipamento Custo Horário | D95: FONTE | F95: UNID | G95: COEFICIENTE | H95: PREÇO UNITÁRIO | I95: TOTAL
A96: 91386 | B96: CAMINHÃO BASCULANTE 10 M3, TRUCADO CABINE SIMPLES, PESO BRUTO TOTAL 23.000 KG, CARGA ÚTIL MÁXIMA 15.935 KG, DISTÂNCIA ENTRE EIXOS 4,80 M, POTÊNCIA 230 CV INCLUSIVE CAÇAMBA METÁLICA - CHP DIURNO. AF_06/2014 | D96: SINAPI | F96: CHP | G96: 0.0046 | H96: 298.73 | I96: 1.374158
G97: TOTAL Equipamento Custo Horário: | I97: 1.37
A98: Observações: Baseado no 83356/SINAPI - AGO/20 | G98: VALOR: | I98: 1.37
A100: CP-96401-52745838 - EXECUÇÃO DE IMPRIMAÇÃO COM ASFALTO DILUÍDO CM-30, EXCLUSIVE MATERIAL. (M2)
A101: Equipamento Custo Horário | D101: FONTE | F101: UNID | G101: COEFICIENTE | H101: PREÇO UNITÁRIO | I101: TOTAL
A102: 91486 | B102: ESPARGIDOR DE ASFALTO PRESSURIZADO, TANQUE 6 M3 COM ISOLAÇÃO TÉRMICA, AQUECIDO COM 2 MAÇARICOS, COM BARRA ESPARGIDORA 3,60 M, MONTADO SOBRE CAMINHÃO TOCO, PBT 14.300 KG, POTÊNCIA 185 CV - CHI DIURNO. AF_08/2015 | D102: SINAPI | F102: CHI | G102: 0.0049 | H102: 65.45 | I102: 0.320705
A103: 83362 | B103: ESPARGIDOR DE ASFALTO PRESSURIZADO, TANQUE 6 M3 COM ISOLAÇÃO TÉRMICA, AQUECIDO COM 2 MAÇARICOS, COM BARRA ESPARGIDORA 3,60 M, MONTADO SOBRE CAMINHÃO TOCO, PBT 14.300 KG, POTÊNCIA 185 CV - CHP DIURNO. AF_08/2015 | D103: SINAPI | F103: CHP | G103: 0.001 | H103: 305.55 | I103: 0.30555
A104: 89036 | B104: TRATOR DE PNEUS, POTÊNCIA 85 CV, TRAÇÃO 4X4, PESO COM LASTRO DE 4.675 KG - CHI DIURNO. AF_06/2014 | D104: SINAPI | F104: CHI | G104: 0.0041 | H104: 49.49 | I104: 0.202909
A105: 89035 | B105: TRATOR DE PNEUS, POTÊNCIA 85 CV, TRAÇÃO 4X4, PESO COM LASTRO DE 4.675 KG - CHP DIURNO. AF_06/2014 | D105: SINAPI | F105: CHP | G105: 0.0017 | H105: 150.81 | I105: 0.256377
A106: 5841 | B106: VASSOURA MECÂNICA REBOCÁVEL COM ESCOVA CILÍNDRICA, LARGURA ÚTIL DE VARRIMENTO DE 2,44 M - CHI DIURNO. AF_06/2014 | D106: SINAPI | F106: CHI | G106: 0.004 | H106: 5.4 | I106: 0.0216
A107: 5839 | B107: VASSOURA MECÂNICA REBOCÁVEL COM ESCOVA CILÍNDRICA, LARGURA ÚTIL DE VARRIMENTO DE 2,44 M - CHP DIURNO. AF_06/2014 | D107: SINAPI | F107: CHP | G107: 0.002 | H107: 11.36 | I107: 0.02272
G108: TOTAL Equipamento Custo Horário: | I108: 1.13
A109: Mão de Obra com Encargos Complementares | D109: FONTE | F109: UNID | G109: COEFICIENTE | H109: PREÇO UNITÁRIO | I109: TOTAL
A110: 88316 | B110: SERVENTE COM ENCARGOS COMPLEMENTARES | D110: SINAPI | F110: H | G110: 0.0058 | H110: 19.8 | I110: 0.11484
G111: TOTAL Mão de Obra com Encargos Complementares: | I111: 0.11
A112: Observações: COMPOSIÇÃO BASEADA NO SINAPI 96401 - EXCLUINDO O MATERIAL ASFALTO DILUIDO | G112: VALOR: | I112: 1.24
A115: CP-95995-51339760 - EXECUÇÃO DE PAVIMENTO COM APLICAÇÃO DE CONCRETO ASFÁLTICO, CAMADA DE ROLAMENTO - EXCLUSIVE CARGA E TRANSPORTE E CONCRETO BETUMINOSO (M3)
...

Sheet CURVA ABC SERVIÇOS
A3: CÓDIGO | B3: DESCRIÇÃO | C3: FONTE | D3: TIPO | E3: UNIDADE | F3: QUANTIDADE | G3: PREÇO UNITÁRIO | H3: PREÇO TOTAL | I3: % | J3: ACUMUL. % | K3: CL
A4: 94273 | B4: ASSENTAMENTO DE GUIA (MEIO-FIO) EM TRECHO RETO, CONFECCIONADA EM CONCRETO PRÉ-FABRICADO, DIMENSÕES 100X15X13X30 CM (COMPRIMENTO X BASE INFERIOR X BASE SUPERIOR X ALTURA), PARA VIAS URBANAS (USO VIÁRIO). AF_06/2016 | C4: SINAPI | D4: Serviço | E4: M | F4: 12702.35 | G4: 66.39 | H4: 843309.02 | I4: =H4/$I$77 -> 0.11348653 | J4: =I4 -> 0.11348653 | K4: A
A5: 95876 | B5: TRANSPORTE COM CAMINHÃO BASCULANTE DE 14 M³, EM VIA URBANA PAVIMENTADA, DMT ATÉ 30 KM (UNIDADE: M3XKM). AF_07/2020 | C5: SINAPI | D5: Serviço | E5: M3XKM | F5: 273834.23 | G5: 2.67 | H5: 731137.39 | I5: =H5/$I$77 -> 0.098391267 | J5: =I5+J4 -> 0.21187779 | K5: A
A6: 92771 | B6: ARMAÇÃO DE LAJE DE ESTRUTURA CONVENCIONAL DE CONCRETO ARMADO UTILIZANDO AÇO CA-50 DE 10,0 MM - MONTAGEM. AF_06/2022 | C6: SINAPI | D6: Serviço | E6: KG | F6: 34349.39 | G6: 17.8 | H6: 611419.14 | I6: =H6/$I$77 -> 0.082280437 | J6: =I6+J5 -> 0.29415823 | K6: A
A7: 103320 | B7: ALVENARIA DE VEDAÇÃO DE BLOCOS VAZADOS DE CONCRETO DE 19X19X39 CM (ESPESSURA 19 CM) E ARGAMASSA DE ASSENTAMENTO COM PREPARO EM BETONEIRA. AF_12/2021 | C7: SINAPI | D7: Serviço | E7: M2 | F7: 4564.06 | G7: 124.18 | H7: 566764.97 | I7: =H7/$I$77 -> 0.076271196 | J7: =I7+J6 -> 0.37042943 | K7: A
A8: COMP-47176600 | B8: EXEC. DE ATERRO COM AREIA COM ADENSAMENTO HIDRAULICO | C8: Composições | D8: Serviço | E8: M³ | F8: 4364.59 | G8: 122.66 | H8: 535360.61 | I8: =H8/$I$77 -> 0.072045021 | J8: =I8+J7 -> 0.44247445 | K8: A
A9: COMP-83526730 | B9: TRANSPORTE COMERCIAL DE BRITA | C9: Composições | D9: Serviço | E9: M³XKM | F9: 181922.96 | G9: 1.61 | H9: 292895.97 | I9: =H9/$I$77 -> 0.039415855 | J9: =I9+J8 -> 0.4818903 | K9: A
A10: CP-95995-51339760 | B10: EXECUÇÃO DE PAVIMENTO COM APLICAÇÃO DE CONCRETO ASFÁLTICO, CAMADA DE ROLAMENTO - EXCLUSIVE CARGA E TRANSPORTE E CONCRETO BETUMINOSO | C10: Composições | D10: Serviço | E10: M3 | F10: 1739.09 | G10: 156.8 | H10: 272689.31 | I10: =H10/$I$77 -> 0.036696587 | J10: =I10+J9 -> 0.51858689 | K10: A
A11: 94975 | B11: CONCRETO FCK = 15MPA, TRAÇO 1:3,4:3,5 (EM MASSA SECA DE CIMENTO/ AREIA MÉDIA/ BRITA 1) - PREPARO MANUAL. AF_05/2021 | C11: SINAPI | D11: Serviço | E11: M3 | F11: 485.43 | G11: 551.9 | H11: 267908.82 | I11: =H11/$I$77 -> 0.036053262 | J11: =I11+J10 -> 0.55464015 | K11: A
A12: 94971 | B12: CONCRETO FCK = 25MPA, TRAÇO 1:2,3:2,7 (EM MASSA SECA DE CIMENTO/ AREIA MÉDIA/ BRITA 1) - PREPARO MECÂNICO COM BETONEIRA 600 L. AF_05/2021 | C12: SINAPI | D12: Serviço | E12: M3 | F12: 471.91 | G12: 555.8 | H12: 262287.58 | I12: =H12/$I$77 -> 0.035296796 | J12: =I12+J11 -> 0.58993695 | K12: A
A13: CP-94991-12549457 | B13: EXECUÇÃO DE PASSEIO (CALÇADA) OU PISO DE CONCRETO COM CONCRETO MOLDADO IN LOCO, USINADO, ACABAMENTO CONVENCIONAL, NÃO ARMADO - EXCLUINDO O CONCRETO USINADO 20MPA | C13: Composições | D13: Serviço | E13: M3 | F13: 1529.79 | G13: 132.56 | H13: 202788.96 | I13: =H13/$I$77 -> 0.027289895 | J13: =I13+J12 -> 0.61722684 | K13: A
A14: CP-74157/004-48264518 | B14: LANCAMENTO/APLICACAO MANUAL DE CONCRETO EM FUNDACOES (concreto magro) | C14: Composições | D14: Serviço | E14: M3 | F14: 1278.39 | G14: 152.59 | H14: 195069.53 | I14: =H14/$I$77 -> 0.026251069 | J14: =I14+J13 -> 0.64347791 | K14: A
A15: 94974 | B15: CONCRETO MAGRO PARA LASTRO, TRAÇO 1:4,5:4,5 (EM MASSA SECA DE CIMENTO/ AREIA MÉDIA/ BRITA 1) - PREPARO MANUAL. AF_05/2021 | C15: SINAPI | D15: Serviço | E15: M3 | F15: 380.1 | G15: 512.76 | H15: 194900.08 | I15: =H15/$I$77 -> 0.026228265 | J15: =I15+J14 -> 0.66970618 | K15: A
A16: 94287 | B16: EXECUÇÃO DE SARJETA DE CONCRETO USINADO, MOLDADA IN LOCO EM TRECHO RETO, 30 CM BASE X 10 CM ALTURA. AF_06/2016 | C16: SINAPI | D16: Serviço | E16: M | F16: 3978.83 | G16: 46.76 | H16: 186050.09 | I16: =H16/$I$77 -> 0.025037297 | J16: =I16+J15 -> 0.69474347 | K16: A
... A75: 96385 | B75: EXECUÇÃO E COMPACTAÇÃO DE ATERRO COM SOLO PREDOMINANTEMENTE ARGILOSO - EXCLUSIVE SOLO, ESCAVAÇÃO, CARGA E TRANSPORTE. AF_11/2019 | C75: SINAPI | D75: Serviço | E75: M3 | F75: 13.85 | G75: 15.31 | H75: 212.0435 | I75: =H75/$I$77 -> 2.8535305e-05 | J75: =I75+J74 -> 1 | K75: B
G77: Valor total do Orçamento: | I77: =SUM(H4:H76) -> 7430917.5

Sheet CURVA ABC ADM
A1: PREFEITURA MUNICIPAL DO JABOATÃO DOS GUARARAPES
A2: SECRETARIA DE INFRAESTRUTURA - SEINFRA.
A3: SECRETARIA EXECUTIVA DE SERVIÇOS URBANOS E MANUTENÇÃO - SEMAN
A4: GERÊNCIA DE MANUTENÇÃO - GEMAN
A5: OBJETO: Pavimentação e Drenagem, Recapeamento, Contenção de Encostas, Adequação de vias, Ciclofaixa, Pontes e Travessias em desnivel, Demolição E Remoção de Pavimentos em diversos bairros - LOTE 2 - NÃO DESONERADO_R05
A6: MUNICÍPIO: Jaboatão dos Guararapes
A7: CURVA ABC - NÃO DESONERADA - ADM
A8: CÓDIGO | B8: DESCRIÇÃO | C8: FONTE | D8: TIPO | E8: UNIDADE | F8: QUANTIDADE | G8: PREÇO UNITÁRIO | H8: PREÇO TOTAL | I8: % | J8: ACUMUL. % | K8: CL
A9: 93572 | B9: ENCARREGADO GERAL DE OBRAS COM ENCARGOS COMPLEMENTARES | C9: SINAPI | D9: Mão de Obra com Encargos Complementares | E9: MES | F9: 31.63 | G9: 7844.27 | H9: 248114.26 | I9: =H9/$I$13 -> 0.51854202 | J9: =I9 -> 0.51854202 | K9: A
A10: 93565 | B10: ENGENHEIRO CIVIL DE OBRA JUNIOR COM ENCARGOS COMPLEMENTARES | C10: SINAPI | D10: Mão de Obra com Encargos Complementares | E10: MES | F10: 11.65 | G10: 19774.26 | H10: 230370.13 | I10: =H10/$I$13 -> 0.48145798 | J10: =I10+J9 -> 1 | K10: A
G13: Total até 100,00% | I13: =H9+H10 -> 478484.39

Sheet CURVA ABC INSUMOS
A3: CÓDIGO | B3: DESCRIÇÃO | C3: FONTE | D3: TIPO | E3: UNIDADE | F3: QUANTIDADE | G3: PREÇO UNITÁRIO | H3: PREÇO TOTAL | I3: % | J3: ACUMUL. % | K3: CL
A4: 00001518 | B4: CONCRETO BETUMINOSO USINADO A QUENTE (CBUQ) PARA PAVIMENTACAO ASFALTICA, PADRAO DNIT, FAIXA C, COM CAP 50/70 - AQUISICAO POSTO USINA | C4: SINAPI | D4: Material | E4: T | F4: 4443.02 | G4: 522.5 | H4: 2321478 | I4: 17.432516 | J4: 17.432516 | K4: A
A5: 00034492 | B5: CONCRETO USINADO BOMBEAVEL, CLASSE DE RESISTENCIA C20, COM BRITA 0 E 1, SLUMP = 100 +/- 20 MM, EXCLUI SERVICO DE BOMBEAMENTO (NBR 8953) | C5: SINAPI | D5: Material | E5: M3 | F5: 2016.7935 | G5: 422.5 | H5: 852095.25 | I5: 6.3985806 | J5: 23.831096 | K5: A
A6: 00004221 | B6: OLEO DIESEL COMBUSTIVEL COMUM | C6: SINAPI | D6: Material | E6: L | F6: 110772.72 | G6: 7.64 | H6: 846303.59 | I6: 6.3550897 | J6: 30.186186 | K6: A
A7: M0808 | B7: Brita 4 | C7: SICRO | D7: Material | E7: m³ | F7: 7409.05 | G7: 90.74 | H7: 672297.2 | I7: 5.0484353 | J7: 35.234621 | K7: A
A8: 00006111 | B8: SERVENTE DE OBRAS | C8: SINAPI | D8: Mão de Obra | E8: H | F8: 41164.999 | G8: 14.19 | H8: 584131.33 | I8: 4.3863774 | J8: 39.620999 | K8: A
A9: 00004059 | B9: MEIO-FIO OU GUIA DE CONCRETO, PRE-MOLDADO, COMP 1 M, *30 X 12/15* CM (H X L1/L2) | C9: SINAPI | D9: Material | E9: M | F9: 13558.184 | G9: 36.61 | H9: 496365.1 | I9: 3.7273205 | J9: 43.348319 | K9: A
A10: 00000034 | B10: ACO CA-50, 10,0 MM, VERGALHAO | C10: SINAPI | D10: Material | E10: KG | F10: 38359.91 | G10: 12.12 | H10: 464922.11 | I10: 3.4912078 | J10: 46.839527 | K10: A
A11: 00004750 | B11: PEDREIRO (HORISTA) | C11: SINAPI | D11: Mão de Obra | E11: H | F11: 19606.258 | G11: 18.85 | H11: 369577.97 | I11: 2.7752465 | J11: 49.614773 | K11: A
A12: 00000368 | B12: AREIA PARA ATERRO - POSTO JAZIDA/FORNECEDOR (RETIRADO NA JAZIDA, SEM TRANSPORTE) | C12: SINAPI | D12: Material | E12: M3 | F12: 5712.7665 | G12: 64.5 | H12: 368473.44 | I12: 2.7669524 | J12: 52.381726 | K12: B
A13: 00001379 | B13: CIMENTO PORTLAND COMPOSTO CP II-32 | C13: SINAPI | D13: Material | E13: KG | F13: 470142.42 | G13: 0.68 | H13: 319696.84 | I13: 2.4006776 | J13: 54.782403 | K13: B
A14: INS-185032 | B14: BRITA GRADUADA SIMPLES (BGS) | C14: Composições | D14: Material | E14: M³ | F14: 4817.1 | G14: 56.1 | H14: 270239.31 | I14: 2.0292896 | J14: 56.811693 | K14: B
A15: 00000654 | B15: BLOCO DE VEDACAO DE CONCRETO 19 X 19 X 39 CM (CLASSE C - NBR 6136) | C15: SINAPI | D15: Material | E15: UN | F15: 63981.472 | G15: 4 | H15: 255925.89 | I15: 1.9218068 | J15: 58.7335 | K15: B
... A257: M0067 | B257: Tubo PEAD PE 100 PN 10 com flanges - D = 160 mm | C257: SICRO | D257: Material | E257: m | F257: 1.6720176e-05 | G257: 188.9906 | H257: 0.0031599561 | I257: 2.3728842e-08 | J257: 87.551596 | K257: C
G259: Subtotal até 87,55% | I259: 11659195
G260: Outros: | I260: 1657746.7
G261: Valor total do Orçamento: | I261: 13316942

Sheet CRONOGRAMA
A2: ITEM | B2: DESCRIÇÃO | C2: VALOR (R$) | D2: MÊS 1 | E2: MÊS 2 | F2: MÊS 3 | G2: MÊS 4 | H2: MÊS 5 | J2: MÊS 6 | K2: MÊS 7 | L2: MÊS 8 | M2: MÊS 9 | N2: MÊS 10 | O2: MÊS 11 | P2: MÊS 12 | Q2: MÊS 13 | R2: MÊS 14 | S2: MÊS 15 | T2: MÊS 16 | U2: MÊS 17 | V2: MÊS 18 | W2: MÊS 19 | X2: MÊS 20 | Y2: MÊS 21 | Z2: MÊS 22 | AA2: MÊS 23 | AB2: MÊS 24 | AC2: Total parcela
A3: 1 | B3: PAVIMENTAÇÃO | C3: 13273615 | D3: 0.0234 | E3: 0.0409 | F3: 0.0505 | G3: 0.0284 | H3: 0.0286 | J3: 0.0199 | K3: 0.0221 | L3: 0.0243 | M3: 0.0249 | N3: 0.0275 | O3: 0.056 | P3: 0.0508 | Q3: 0.0505 | R3: 0.0611 | S3: 0.0833 | T3: 0.0701 | U3: 0.0623 | V3: 0.0405 | W3: 0.0568 | X3: 0.0578 | Y3: 0.0475 | Z3: 0.0298 | AA3: 0.0247 | AB3: 0.0183 | AC3: 1
D4: 309055.97 | E4: 537900.97 | F4: 664323.13 | G4: 371740.81 | H4: 391906.34 | J4: 273303.1 | K4: 287971.14 | L4: 316025.69 | M4: 323880.87 | N4: 358486.29 | O4: 729388.17 | P4: 661949.79 | Q4: 658040.61 | R4: 795736.91 | S4: 1089392.5 | T4: 916786.58 | U4: 815071 | V4: 530824.68 | W4: 773482.63 | X4: 791429.16 | Y4: 658048.44 | Z4: 421656.47 | AA4: 354978.06 | AB4: 242235.54 | AC4: 13273615
A5: 1.1 | B5: RUA EQUADOR - CAJUEIRO SECO | C5: 1061838.8 | D5: 0.1412 | E5: 0.1316 | F5: 0.1908 | G5: 0.2285 | H5: 0.2006 | J5: 0.1073 | AC5: 1
D6: 149889.17 | E6: 139637.14 | F6: 202657.16 | G6: 242734.99 | H6: 213034.7 | J6: 113885.63 | AC6: 1061838.8
A7: 1.1.1 | B7: INSTALAÇÕES PROVISÓRIAS | C7: 10252.02 | D7: 1 | AC7: 1
D8: 10252.02 | AC8: 10252.02
A9: 1.1.2 | B9: ADMINISTRAÇÃO LOCAL | C9: 38363.51 | D9: 0.1666 | E9: 0.1666 | F9: 0.1666 | G9: 0.1666 | H9: 0.1666 | J9: 0.167 | AC9: 1
D10: 6391.36 | E10: 6391.36 | F10: 6391.36 | G10: 6391.36 | H10: 6391.36 | J10: 6406.71 | AC10: 38363.51
A11: 1.1.3 | B11: SERVIÇOS PRELIMINARES | C11: 72916.73 | D11: 0.5 | E11: 0.5 | AC11: 1
D12: 36458.37 | E12: 36458.36 | AC12: 72916.73
A13: 1.1.4 | B13: TERRAPLANAGEM | C13: 30382.37 | D13: 0.4 | E13: 0.4 | F13: 0.2 | AC13: 1
D14: 12152.95 | E14: 12152.95 | F14: 6076.47 | AC14: 30382.37
A15: 1.1.5 | B15: PAVIMENTAÇÃO | C15: 230771.49 | F15: 0.2 | G15: 0.4 | H15: 0.4 | AC15: 1
F16: 46154.3 | G16: 92308.6 | H16: 92308.59 | AC16: 230771.49
A17: 1.1.6 | B17: DRENAGEM | C17: 148501.4 | F17: 0.4 | G17: 0.4 | H17: 0.2 | AC17: 1
F18: 59400.56 | G18: 59400.56 | H18: 29700.28 | AC18: 148501.4
A19: 1.1.7 | B19: SINALIZAÇÃO | C19: 19447.54 | J19: 1 | AC19: 1
J20: 19447.54 | AC20: 19447.54
A21: 1.1.8 | B21: ACESSIBILIDADE | C21: 3193.69 | J21: 1 | AC21: 1
J22: 3193.69 | AC22: 3193.69
A23: 1.1.9 | B23: MATERIAIS | C23: 508010.04 | D23: 0.1666 | E23: 0.1666 | F23: 0.1666 | G23: 0.1666 | H23: 0.1666 | J23: 0.167 | AC23: 1
D24: 84634.47 | E24: 84634.47 | F24: 84634.47 | G24: 84634.47 | H24: 84634.47 | J24: 84837.69 | AC24: 508010.04
A25: 1.2 | B25: RUA PASTOS BONS - CAJUEIRO SECO | C25: 78047.82 | K25: 1 | AC25: 1
K26: 78047.82 | AC26: 78047.82
A27: 1.2.1 | B27: INSTALAÇÕES PROVISÓRIAS | C27: 6137.07 | K27: 1 | AC27: 1
K28: 6137.07 | AC28: 6137.07
A29: 1.2.2 | B29: ADMINISTRAÇÃO LOCAL | C29: 3590.41 | K29: 1 | AC29: 1
K30: 3590.41 | AC30: 3590.41
A31: 1.2.3 | B31: SERVIÇOS PRELIMINARES | C31: 3156.04 | K31: 1 | AC31: 1
K32: 3156.04 | AC32: 3156.04
A33: 1.2.4 | B33: TERRAPLANAGEM | C33: 1438.12 | K33: 1 | AC33: 1
K34: 1438.12 | AC34: 1438.12
A35: 1.2.5 | B35: PAVIMENTAÇÃO | C35: 10970.73 | K35: 1 | AC35: 1
K36: 10970.73 | AC36: 10970.73
A37: 1.2.6 | B37: DRENAGEM | C37: 28124.68 | K37: 1 | AC37: 1
K38: 28124.68 | AC38: 28124.68
A39: 1.2.7 | B39: SINALIZAÇÃO | C39: 2171.76 | K39: 1 | AC39: 1
K40: 2171.76 | AC40: 2171.76
A41: 1.2.8 | B41: ACESSIBILIDADE | C41: 1088.34 | K41: 1 | AC41: 1
K42: 1088.34 | AC42: 1088.34
A43: 1.2.9 | B43: MATERIAIS | C43: 21370.67 | K43: 1 | AC43: 1
K44: 21370.67 | AC44: 21370.67
A45: 1.3 | B45: RUA VICÊNCIA - CAJUEIRO SECO | C45: 146237.7 | L45: 1 | AC45: 1
L46: 146237.7 | AC46: 146237.7
A47: 1.3.1 | B47: INSTALAÇÕES PROVISÓRIAS | C47: 6137.07 | L47: 1 | AC47: 1
L48: 6137.07 | AC48: 6137.07
A49: 1.3.2 | B49: ADMINISTRAÇÃO LOCAL | C49: 6492.79 | L49: 1 | AC49: 1
L50: 6492.79 | AC50: 6492.79
A51: 1.3.3 | B51: SERVIÇOS PRELIMINARES | C51: 960.1 | L51: 1 | AC51: 1
L52: 960.1 | AC52: 960.1
A53: 1.3.4 | B53: TERRAPLANAGEM | C53: 3017.29 | L53: 1 | AC53: 1
L54: 3017.29 | AC54: 3017.29
A55: 1.3.5 | B55: PAVIMENTAÇÃO | C55: 22021.22 | L55: 1 | AC55: 1
L56: 22021.22 | AC56: 22021.22
A57: 1.3.6 | B57: DRENAGEM | C57: 29633.46 | L57: 1 | AC57: 1
L58: 29633.46 | AC58: 29633.46
A59: 1.3.7 | B59: SINALIZAÇÃO | C59: 3358.29 | L59: 1 | AC59: 1
L60: 3358.29 | AC60: 3358.29
A61: 1.3.8 | B61: ACESSIBILIDADE | C61: 954.94 | L61: 1 | AC61: 1
L62: 954.94 | AC62: 954.94
A63: 1.3.9 | B63: MATERIAIS | C63: 73662.54 | L63: 1 | AC63: 1
L64: 73662.54 | AC64: 73662.54
A65: 1.4 | B65: RUA LUÍS GONZAGA - BARRA DE JANGADA | C65: 108371.72 | M65: 1 | AC65: 1
M66: 108371.72 | AC66: 108371.72
A67: 1.4.1 | B67: INSTALAÇÕES PROVISÓRIAS | C67: 6137.07 | M67: 1 | AC67: 1
M68: 6137.07 | AC68: 6137.07
A69: 1.4.2 | B69: ADMINISTRAÇÃO LOCAL | C69: 4531.72 | M69: 1 | AC69: 1
M70: 4531.72 | AC70: 4531.72
A71: 1.4.3 | B71: SERVIÇOS PRELIMINARES | C71: 701.87 | M71: 1 | AC71: 1
M72: 701.87 | AC72: 701.87
A73: 1.4.4 | B73: TERRAPLANAGEM | C73: 5165.37 | M73: 1 | AC73: 1
M74: 5165.37 | AC74: 5165.37
A75: 1.4.5 | B75: PAVIMENTAÇÃO | C75: 22458.51 | M75: 1 | AC75: 1
M76: 22458.51 | AC76: 22458.51
A77: 1.4.6 | B77: DRENAGEM | C77: 30220.08 | M77: 1 | AC77: 1
M78: 30220.08 | AC78: 30220.08
A79: 1.4.7 | B79: SINALIZAÇÃO | C79: 3016.92 | M79: 1 | AC79: 1
M80: 3016.92 | AC80: 3016.92
A81: 1.4.8 | B81: ACESSIBILIDADE | C81: 1221.74 | M81: 1 | AC81: 1
M82: 1221.74 | AC82: 1221.74
A83: 1.4.9 | B83: MATERIAIS | C83: 34918.44 | M83: 1 | AC83: 1
M84: 34918.44 | AC84: 34918.44
A85: 1.5 | B85: RUA PLANALTINA - PIEDADE | C85: 548707.43 | N85: 0.2607 | O85: 0.4019 | P85: 0.3374 | AC85: 1
N86: 142977.15 | O86: 220591.41 | P86: 185138.87 | AC86: 548707.43
A87: 1.5.1 | B87: INSTALAÇÕES PROVISÓRIAS | C87: 7783.05 | N87: 1 | AC87: 1
N88: 7783.05 | AC88: 7783.05
A89: 1.5.2 | B89: ADMINISTRAÇÃO LOCAL | C89: 19280.63 | N89: 0.3333 | O89: 0.3333 | P89: 0.3334 | AC89: 1
N90: 6426.23 | O90: 6426.23 | P90: 6428.17 | AC90: 19280.63
A91: 1.5.3 | B91: SERVIÇOS PRELIMINARES | C91: 14484.16 | N91: 1 | AC91: 1
N92: 14484.16 | AC92: 14484.16
A93: 1.5.4 | B93: TERRAPLENAGEM | C93: 35620.62 | N93: 0.6 | O93: 0.4 | AC93: 1
N94: 21372.37 | O94: 14248.25 | AC94: 35620.62
A95: 1.5.5 | B95: PAVIMENTAÇÃO | C95: 178342.65 | O95: 0.6 | P95: 0.4 | AC95: 1
O96: 107005.59 | P96: 71337.06 | AC96: 178342.65
A97: 1.5.6 | B97: SINALIZAÇÃO | C97: 11345.08 | P97: 1 | AC97: 1
P98: 11345.08 | AC98: 11345.08
A99: 1.5.7 | B99: ACESSIBILIDADE | C99: 3089.35 | P99: 1 | AC99: 1
P100: 3089.35 | AC100: 3089.35
A101: 1.5.8 | B101: MATERIAIS | C101: 278761.89 | N101: 0.3333 | O101: 0.3333 | P101: 0.3334 | AC101: 1
...

Sheet BDI
A3: COD | B3: DESCRIÇÃO | C3: %
B5: Benefício
A6: S + G | B6: Garantia/seguros | C6: 0.32
A7: L | B7: Lucro | C7: 2.73
B8: TOTAL | C8: 3.05
B11: Despesas Indiretas
A12: AC | B12: Administração central | C12: 3.8
A13: DF | B13: Despesas financeiras | C13: 1.02
A14: R | B14: Riscos | C14: 0.5
B15: TOTAL | C15: 5.32
A18: I | B18: Impostos
B19: COFINS | C19: 3
B20: ISS | C20: 4
B21: PIS | C21: 0.65
B22: TOTAL | C22: 7.65
B24: BDI = 17,57%
B25: (1+AC+S+R+G)*(1+DF)*(1+L)/(1-I)-1
A27: COD | B27: DESCRIÇÃO | C27: %
B29: Benefício
A30: S + G | B30: Garantia/seguros | C30: 0.3
A31: L | B31: Lucro | C31: 2.73
B32: TOTAL | C32: 3.03
B35: Despesas Indiretas
A36: AC | B36: Administração central | C36: 1.5
A37: DF | B37: Despesas financeiras | C37: 0.85
A38: R | B38: Riscos | C38: 0.56
B39: TOTAL | C39: 2.91
A42: I | B42: Impostos
B43: COFINS | C43: 3
B44: PIS | C44: 0.65
B45: TOTAL | C45: 3.65
B47: BDI = 10,07%
B48: (1+AC+S+R+G)*(1+DF)*(1+L)/(1-I)-1

Sheet mapa cotação
A6: MAPA DE COTAÇÕES - CADASTRO DE FORNECEDORES
A8: Fornecedor | B8: Razão Social | C8: CNPJ | E8: Nome do Contato: | F8: Telefone 1 | G8: Telefone 2 | H8: Email/Website
A9: F.01 | B9: TERPAV ENGENHARIA LTDA | C9: 19.993.011/0001-48 | E9: Fernando Odilon | F9: (81) 9.8501-4732
A10: F.02 | B10: BRASILAR COMÉRCIO, INDÚSTRIA E SERVIÇOS DE CONSTRUÇÃO LTDA | C10: 02.173.244/0001-00 | F10: (81) 3429-2902
A11: F.03 | B11: SÓPEDRA TRANSPORTE COMÉRCIO E CONSTRUÇÃO LTDA | C11: 07.305.450/0001-31 | F11: (81) 9.9961-1833 | H11: sopedralima@hotmail.com
A13: MAPA DE COTAÇÕES - PREÇOS
A15: CÓDIGO | B15: DESCRIÇÃO | C15: UNID | D15: MENOR | E15: Fornecedores | F15: Fornecedor A | G15: Fornecedor B | H15: Fornecedor C
A17: COTAÇÃO 01 | B17: PARALELEPÍPEDO GRANÍTICO OU BASÁLTICO, PARA PAVIMENTAÇÃO | C17: MIL | D17: =MEDIAN(F24:H24) -> 495 | E17: Razão Social: | F17: =B9 -> TERPAV ENGENHARIA LTDA | G17: =B10 -> BRASILAR COMÉRCIO, INDÚSTRIA E SERVIÇOS DE CONSTRUÇÃO LTDA | H17: =B11 -> SÓPEDRA TRANSPORTE COMÉRCIO E CONSTRUÇÃO LTDA
E18: CNPJ: | F18: =C9 -> 19.993.011/0001-48 | G18: =C10 -> 02.173.244/0001-00 | H18: =C11 -> 07.305.450/0001-31
E19: Nome do Contato: | F19: =E9 -> Fernando Odilon | G19: =E10 -> 0 | H19: =E11 -> 0
E20: Data do Contato: | F20: 30/02/2019 | G20: 29/02/2019 | H20: 29/02/2019
E21: Telefone: | F21: =F9 -> (81) 9.8501-4732 | G21: =F10 -> (81) 3429-2902 | H21: =F11 -> (81) 9.9961-1833
E22: Preço Produto: | F22: 420 | G22: 450 | H22: 450
E23: Frete | F23: =F22*0.1 -> 42 | G23: =G22*0.1 -> 45 | H23: =H22*0.1 -> 45
E24: Preço total: | F24: =F22+F23 -> 462 | G24: =G22+G23 -> 495 | H24: =H22+H23 -> 495
A26: Fornecedor | B26: Razão Social | C26: CNPJ | E26: Nome do Contato: | F26: Telefone 1 | G26: Telefone 2 | H26: Email/Website
A27: F.01 | B27: Litoral banheiros quimicos | C27: 11.761.604/0001-77 | E27: =F37 -> IANA | F27: (81) 99812-5679 | G27: (81) 3083-1372 | H27: litoralbanheirosquimicos@gmail.com
A28: F.02 | B28: LIMPEX | C28: =G36 -> 11.356.463/0001-07 | E28: Brisa Luanna | F28: (81) 3251-0850 | H28: contato@limpexsolucoesambientais.com.br
A29: F.03 | B29: BW LOCAÇÕES | C29: 03.609.5070001-35 | E29: Luiz Bezerra | F29: (81) 3339-1469 | G29: (81) 3339-0354 | H29: bwlocacoes@gmail.com
A31: MAPA DE COTAÇÕES - PREÇOS
A33: CÓDIGO | B33: DESCRIÇÃO | C33: UNID | D33: MENOR | E33: Fornecedores | F33: Fornecedor A | G33: Fornecedor B | H33: Fornecedor C
A35: COTAÇÃO 1 | B35: BANHEIRO QUÍMICO, COM LOCAÇÃO, TRANSPORTE E LIMPEZA | C35: MÊS | D35: =MIN(F42:H42) -> 700 | E35: Razão Social: | F35: =B27 -> Litoral banheiros quimicos | G35: Limpex | H35: =B29 -> BW LOCAÇÕES
E36: CNPJ: | F36: =C27 -> 11.761.604/0001-77 | G36: 11.356.463/0001-07 | H36: =C29 -> 03.609.5070001-35
E37: Nome do Contato: | F37: IANA | G37: =E28 -> Brisa Luanna | H37: =E29 -> Luiz Bezerra
E38: Data do Contato: | F38: 44637 | G38: 44608 | H38: 44608
E39: Telefone: | F39: =F27 -> (81) 99812-5679 | G39: 81 - 3251-0850 | H39: =F29 -> (81) 3339-1469
E40: Preço Produto: | F40: 700 | G40: 700 | H40: 800
E41: Frete e limpeza incluso | F41: 0 | G41: 0 | H41: 0
E42: Preço total: | F42: =F40+F41 -> 700 | G42: =G40+G41 -> 700 | H42: =H40+H41 -> 800
A43: INS-54745269 | B43: ASFALTO DILUÍDO CM - 30 - JUNHO/22 | C43: KG | D43: =MIN(F50:H50) -> 5.32 | E43: Razão Social: | F43: SBC - RECIFE - JULHO/22 | G43: EMOPE - JUNHO/22 | H43: ANP -JUNHO/22
E44: CNPJ: | F44: CODIGO - I000089 | G44: CODIGO - 14603
E45: Nome do Contato: | F45: 6.16 | G45: 7.49 | H45: 5.32
E46: Data do Contato: | F46: 44777 | G46: 44679 | H46: 44777
E47: Contato:
E48: Preço Produto: | F48: =F45 -> 6.16 | G48: =G45 -> 7.49 | H48: =H45 -> 5.32
E49: Frete:
E50: Preço Total: | F50: =F48+F49 -> 6.16 | G50: =G48+G49 -> 7.49 | H50: =H48+H49 -> 5.32
A51: INS-185032 | B51: BRITA GRADUADA SIMPLES (BGS) | C51: M3 | D51: =MIN(F58:H58) -> 56.1 | E51: Razão Social: | F51: MEGA MINERAÇÃO | G51: PEDREIRA GUARANY | H51: POLIMIX AGREGADOS
E52: CNPJ:
E53: Nome do Contato:
E54: Data do Contato: | F54: 44825 | G54: 44825 | H54: 44825
E55: Contato:
E56: Preço Produto: | F56: 64.35 | G56: =34*1.65 -> 56.1 | H56: =40*1.65 -> 66
E57: Frete:
E58: Preço Total: | F58: =F56+F57 -> 64.35 | G58: =G56+G57 -> 56.1 | H58: =H56+H57 -> 66
